Workbook
Name MEDIANAS: [1]REF!$D$6
Name MEDIANAS: [2]REF!$D$6
Name SEPLAN: [1]REF!$D$5
Name SEPLAN: [2]REF!$D$5
Name SICRO: [1]REF!$D$9
Name SICRO: [2]REF!$D$9
Name SINAPI_C: [1]REF!$D$7
Name SINAPI_C: [2]REF!$D$7
Name SINAPI_I: [1]REF!$D$8
Name SINAPI_I: [2]REF!$D$8

Sheet ORC
F1: PLANILHA ORÇAMENTÁRIA
F3: EDITAL
F4: OBJETO | H4: VIA DE ACESSO À ESCOLA NESTOR MARGARIDA
F5: RAZÃO SOCIAL | H5: PREFEITURA MUNICIPAL DE TIMBÓ
F6: CNPJ | H6: 83.102.764/0001-15
F7: DATA BASE | H7: 06/2026 - NÃO DESONERADO - SC | SICRO 04/2026 - NÃO DESONERADO - SC
F8: BDI 01 | H8: 0.22
F9: BDI 02 | H9: 0.07
A12: 1 | B12: 2 | C12: 3 | D12: 4 | E12: Nível | F12: ITEM | G12: REFERENCIA | H12: CÓDIGO | I12: DESCRIÇÃO | J12: UND | K12: QNT | L12: CUSTO UNI | M12: BDI | N12: PREÇO UNI | O12: PREÇO TOT
O13: 455699.76
A14: 1 | E14: 1 | F14: 1 | G14: ADMINISTRAÇÃO LOCAL | O14: 36315.78
B15: 1 | E15: 2 | F15: 1.1 | G15: ADMINISTRAÇÃO LOCAL | O15: 36315.78
C16: 1 | E16: 3 | F16: 1.1.1 | G16: COMPOSIÇÃO | H16: 3 | I16: ADMINISTRAÇÃO LOCAL, CONSIDERANDO 4 MESES DE OBRA - UNIDADE REFERENTE A PORCENTAGEM DA OBRA EXECUTADA EM RELAÇÃO AO VALOR GLOBAL | J16: % | K16: 1 | L16: 29767.04 | M16: 1 | N16: 36315.78 | O16: 36315.78
A17: 2 | E17: 1 | F17: 2 | G17: MOBILIZAÇÃO E DESMOBILIZAÇÃO | O17: 4773.66
B18: 1 | E18: 2 | F18: 2.1 | G18: MOBILIZAÇÃO E DESMOBILIZAÇÃO | O18: 4773.66
C19: 1 | E19: 3 | F19: 2.1.1 | G19: COMPOSIÇÃO | H19: 4 | I19: MOBILIZAÇÃO E DESMOBILIZAÇÃO | J19: UND | K19: 2 | L19: 1956.42 | M19: 1 | N19: 2386.83 | O19: 4773.66
A20: 3 | E20: 1 | F20: 3 | G20: CANTEIRO DE OBRAS | O20: 8966.12
B21: 1 | E21: 2 | F21: 3.1 | G21: CANTEIRO DE OBRAS | O21: 8966.12
C22: 1 | E22: 3 | F22: 3.1.1 | G22: SINAPI-I | H22: 10775 | I22: LOCACAO DE CONTAINER 2,30 X 6,00 M, ALT. 2,50 M, COM 1 SANITARIO, PARA ESCRITORIO, COMPLETO, SEM DIVISORIAS INTERNAS (NAO INCLUI MOBILIZACAO/DESMOBILIZACAO) | J22: MES | K22: 4 | L22: 1081.25 | M22: 1 | N22: 1319.12 | O22: 5276.48
C23: 2 | E23: 3 | F23: 3.1.2 | G23: SINAPI-C | H23: 103689 | I23: FORNECIMENTO E INSTALAÇÃO DE PLACA DE OBRA COM CHAPA GALVANIZADA E ESTRUTURA DE MADEIRA. AF_03/2022_PS | J23: M2 | K23: 6 | L23: 504.05 | M23: 1 | N23: 614.94 | O23: 3689.64
A24: 4 | E24: 1 | F24: 4 | G24: PAVIMENTAÇÃO | O24: 249835.79
B25: 1 | E25: 2 | F25: 4.1 | G25: PISTA DE ROLAMENTO | O25: 212292.34
C26: 1 | E26: 3 | F26: 4.1.1 | G26: SINAPI-C | H26: 95875 | I26: TRANSPORTE COM CAMINHÃO BASCULANTE DE 10 M³, EM VIA URBANA PAVIMENTADA, DMT ATÉ 30 KM (UNIDADE: M3XKM). AF_02/2026 | J26: M3XKM | K26: 524.8125 | L26: 2.9 | M26: 1 | N26: 3.53 | O26: 1852.58
C27: 2 | E27: 3 | F27: 4.1.2 | G27: SINAPI-C | H27: 100978 | I27: CARGA, MANOBRA E DESCARGA DE SOLOS E MATERIAIS GRANULARES EM CAMINHÃO BASCULANTE 10 M³ - CARGA COM ESCAVADEIRA HIDRÁULICA (CAÇAMBA DE 1,20 M³ / 155 HP) E DESCARGA LIVRE (UNIDADE: M3). AF_02/2026 | J27: M3 | K27: 524.8125 | L27: 7.69 | M27: 1 | N27: 9.38 | O27: 4922.74
C28: 3 | E28: 3 | F28: 4.1.3 | G28: SINAPI-C | H28: 105742 | I28: CONSTRUÇÃO DE BASE E SUB-BASE PARA PAVIMENTAÇÃO DE RACHÃO, COM ESPESSURA DE 30 CM - EXCLUSIVE CARGA E TRANSPORTE. AF_09/2024 | J28: M3 | K28: 279.9 | L28: 149.21 | M28: 1 | N28: 182.03 | O28: 50950.19
C29: 4 | E29: 3 | F29: 4.1.4 | G29: SINAPI-C | H29: 96396 | I29: CONSTRUÇÃO DE BASE E SUB-BASE PARA PAVIMENTAÇÃO DE BRITA GRADUADA SIMPLES, COM ESPESSURA DE 15 CM - EXCLUSIVE CARGA E TRANSPORTE. AF_09/2024 | J29: M3 | K29: 139.95 | L29: 215.37 | M29: 1 | N29: 262.75 | O29: 36771.86
C30: 5 | E30: 3 | F30: 4.1.5 | G30: SINAPI-C | H30: 92398 | I30: EXECUÇÃO DE PAVIMENTO EM PISO INTERTRAVADO, COM BLOCO RETANGULAR COR NATURAL DE 20 X 10 CM, ESPESSURA 8 CM. AF_10/2022 | J30: M2 | K30: 933 | L30: 89.26 | M30: 1 | N30: 108.89 | O30: 101594.37
C31: 6 | E31: 3 | F31: 4.1.6 | G31: SINAPI-C | H31: 94273 | I31: ASSENTAMENTO DE GUIA (MEIO-FIO) EM TRECHO RETO, CONFECCIONADA EM CONCRETO PRÉ-FABRICADO, DIMENSÕES 100X15X13X30 CM (COMPRIMENTO X BASE INFERIOR X BASE SUPERIOR X ALTURA). AF_01/2024 | J31: M | K31: 268 | L31: 49.55 | M31: 1 | N31: 60.45 | O31: 16200.6
B32: 2 | E32: 2 | F32: 4.2 | G32: PASSEIO PÚBLICO | O32: 37543.45
C33: 1 | E33: 3 | F33: 4.2.1 | G33: SINAPI-C | H33: 92396 | I33: EXECUÇÃO DE PASSEIO EM PISO INTERTRAVADO, COM BLOCO RETANGULAR COR NATURAL DE 20 X 10 CM, ESPESSURA 6 CM. AF_10/2022 | J33: M2 | K33: 265 | L33: 90.7 | M33: 1 | N33: 110.65 | O33: 29322.25
C34: 2 | E34: 3 | F34: 4.2.2 | G34: SINAPI-C | H34: 94273 | I34: ASSENTAMENTO DE GUIA (MEIO-FIO) EM TRECHO RETO, CONFECCIONADA EM CONCRETO PRÉ-FABRICADO, DIMENSÕES 100X15X13X30 CM (COMPRIMENTO X BASE INFERIOR X BASE SUPERIOR X ALTURA). AF_01/2024 | J34: M | K34: 136 | L34: 49.55 | M34: 1 | N34: 60.45 | O34: 8221.2
A35: 5 | E35: 1 | F35: 5 | G35: ILUMINAÇÃO PÚBLICA | O35: 18403.28
B36: 1 | E36: 2 | F36: 5.1 | G36: POSTEAMENTO | O36: 9836.85
C37: 1 | E37: 3 | F37: 5.1.1 | G37: SINAPI-C | H37: 100599 | I37: ASSENTAMENTO DE POSTE DE CONCRETO COM COMPRIMENTO NOMINAL DE 9 M, CARGA NOMINAL DE 150 DAN, ENGASTAMENTO BASE CONCRETADA COM 1 M DE CONCRETO E 0,5 M DE SOLO (NÃO INCLUI FORNECIMENTO). AF_04/2025 | J37: UN | K37: 5 | L37: 761.85 | M37: 1 | N37: 929.45 | O37: 4647.25
C38: 2 | E38: 3 | F38: 5.1.2 | G38: SINAPI-I | H38: 41196 | I38: POSTE DE CONCRETO ARMADO DE SECAO DUPLO T, EXTENSAO DE 9,00 M, RESISTENCIA DE 150 DAN, TIPO D | J38: UN | K38: 5 | L38: 850.76 | M38: 1 | N38: 1037.92 | O38: 5189.6
B39: 2 | E39: 2 | F39: 5.2 | G39: FIAÇÃO E ACESSÓRIOS | O39: 5402.93
C40: 1 | E40: 3 | F40: 5.2.1 | G40: SINAPI-C | H40: 93658 | I40: DISJUNTOR MONOPOLAR TIPO DIN, CORRENTE NOMINAL DE 40A - FORNECIMENTO E INSTALAÇÃO. AF_07/2025 | J40: UN | K40: 1 | L40: 23.65 | M40: 1 | N40: 28.85 | O40: 28.85
C41: 2 | E41: 3 | F41: 5.2.2 | G41: COMPOSIÇÃO | H41: 1 | I41: CABO DE ALUMINIO MULTIPLEXADO (DUPLEX), 10 MM², 0,6/1,0 KV, PARA REDE AÉREA DE DISTRIBUIÇÃO DE ENERGIA ELÉTRICA - FORNECIMENTO E INSTALAÇÃO. | J41: M | K41: 170 | L41: 4.16 | M41: 1 | N41: 5.07 | O41: 861.9
C42: 3 | E42: 3 | F42: 5.2.3 | G42: SINAPI-C | H42: 91932 | I42: CABO DE COBRE FLEXÍVEL ISOLADO, 10 MM², ANTI-CHAMA 450/750 V, PARA CIRCUITOS TERMINAIS - FORNECIMENTO E INSTALAÇÃO. AF_03/2023 | J42: M | K42: 140 | L42: 21.43 | M42: 1 | N42: 26.14 | O42: 3659.6
C43: 4 | E43: 3 | F43: 5.2.4 | G43: SINAPI-C | H43: 91926 | I43: CABO DE COBRE FLEXÍVEL ISOLADO, 2,5 MM², ANTI-CHAMA 450/750 V, PARA CIRCUITOS TERMINAIS - FORNECIMENTO E INSTALAÇÃO. AF_03/2023 | J43: M | K43: 30 | L43: 5.69 | M43: 1 | N43: 6.94 | O43: 208.2
C44: 5 | E44: 3 | F44: 5.2.5 | G44: SINAPI-I | H44: 3398 | I44: ISOLADOR DE PORCELANA, TIPO ROLDANA, DIMENSOES DE *72* X *72* MM, PARA USO EM BAIXA TENSAO | J44: UN | K44: 6 | L44: 4.72 | M44: 1 | N44: 5.75 | O44: 34.5
C45: 6 | E45: 3 | F45: 5.2.6 | G45: SINAPI-I | H45: 417 | I45: ALCA PREFORMADA DE DISTRIBUICAO, EM ACO GALVANIZADO, PARA CABO DE ALUMINIO DIAMETRO 16 A 25 MM | J45: UN | K45: 6 | L45: 5.64 | M45: 1 | N45: 6.88 | O45: 41.28
C46: 7 | E46: 3 | F46: 5.2.7 | G46: SINAPI-I | H46: 432 | I46: PARAFUSO M16 EM ACO GALVANIZADO, COMPRIMENTO = 250 MM, DIAMETRO = 16 MM, ROSCA MAQUINA, CABECA QUADRADA | J46: UN | K46: 16 | L46: 15.04 | M46: 1 | N46: 18.34 | O46: 293.44
C47: 8 | E47: 3 | F47: 5.2.8 | G47: SINAPI-C | H47: 101550 | I47: CONECTOR PERFURANTE, PARA REDES AÉREAS DE DISTRIBUIÇÃO DE ENERGIA ELÉTRICA DE BAIXA TENSÃO - FORNECIMENTO E INSTALAÇÃO. AF_12/2025 | J47: UN | K47: 12 | L47: 18.8 | M47: 1 | N47: 22.93 | O47: 275.16
B48: 3 | E48: 2 | F48: 5.3 | G48: LUMINÁRIAS | O48: 3163.5
C49: 1 | E49: 3 | F49: 5.3.1 | G49: SINAPI-C | H49: 101656 | I49: LUMINÁRIA DE LED PARA ILUMINAÇÃO PÚBLICA, DE 68 W ATÉ 97 W - FORNECIMENTO E INSTALAÇÃO. AF_02/2025_PS | J49: UN | K49: 5 | L49: 360.19 | M49: 1 | N49: 439.43 | O49: 2197.15
C50: 2 | E50: 3 | F50: 5.3.2 | G50: SINAPI-C | H50: 101636 | I50: BRAÇO PARA ILUMINAÇÃO PÚBLICA, EM TUBO DE AÇO GALVANIZADO, COMPRIMENTO DE 1,50 M, PARA FIXAÇÃO EM POSTE DE CONCRETO - FORNECIMENTO E INSTALAÇÃO. AF_02/2025_PS | J50: UN | K50: 5 | L50: 158.42 | M50: 1 | N50: 193.27 | O50: 966.35
A51: 6 | E51: 1 | F51: 6 | G51: DRENAGEM PLUVIAL | O51: 80079.35
B52: 1 | E52: 2 | F52: 6.1 | G52: LOCAÇÃO | O52: 2057.65
C53: 1 | E53: 3 | F53: 6.1.1 | G53: SINAPI-C | H53: 99063 | I53: LOCAÇÃO DE REDE DE ÁGUA OU ESGOTO. AF_03/2024 | J53: M | K53: 125.62 | L53: 13.43 | M53: 1 | N53: 16.38 | O53: 2057.65
B54: 2 | E54: 2 | F54: 6.2 | G54: ESCAVAÇÕES E PREPARO DE VALA | O54: 6404.75
C55: 1 | E55: 3 | F55: 6.2.1 | G55: SINAPI-C | H55: 102276 | I55: ESCAVAÇÃO MECANIZADA DE VALA COM PROF. ATÉ 1,5 M (MÉDIA MONTANTE E JUSANTE/UMA COMPOSIÇÃO POR TRECHO), ESCAVADEIRA (0,8 M3), LARG. MENOR QUE 1,5 M, EM SOLO DE 1A CATEGORIA, EM LOCAIS COM ALTO NÍVEL DE INTERFERÊNCIA. AF_09/2024 | J55: M3 | K55: 94.22 | L55: 11.79 | M55: 1 | N55: 14.38 | O55: 1354.88
C56: 2 | E56: 3 | F56: 6.2.2 | G56: SINAPI-C | H56: 93379 | I56: REATERRO MECANIZADO DE VALA COM RETROESCAVADEIRA (CAPACIDADE DA CAÇAMBA DA RETRO: 0,26 M³/POTÊNCIA: 88 HP), LARGURA 0,8 A 1,5 M, PROFUNDIDADE ATÉ 1,5 M, COM SOLO (SEM SUBSTITUIÇÃO) DE 1ª CATEGORIA, COM COMPACTADOR DE SOLOS DE PERCUSSÃO AF_08/2023 | J56: M3 | K56: 62.81 | L56: 21.44 | M56: 1 | N56: 26.15 | O56: 1642.48
C57: 3 | E57: 3 | F57: 6.2.3 | G57: SINAPI-C | H57: 101623 | I57: PREPARO DE FUNDO DE VALA COM LARGURA MENOR QUE 1,5 M, COM CAMADA DE BRITA, LANÇAMENTO MECANIZADO. AF_01/2026 | J57: M3 | K57: 4.4 | L57: 344.05 | M57: 1 | N57: 419.74 | O57: 1846.85
C58: 4 | E58: 3 | F58: 6.2.4 | G58: SINAPI-C | H58: 100993 | I58: CARGA, MANOBRA E DESCARGA DE SOLOS E MATERIAIS GRANULARES EM CAMINHÃO BASCULANTE 6 M³ - CARGA COM ESCAVADEIRA HIDRÁULICA (CAÇAMBA DE 1,20 M³ / 155 HP) E DESCARGA LIVRE (UNIDADE: T). AF_02/2026 | J58: T | K58: 31.41 | L58: 5.73 | M58: 1 | N58: 6.99 | O58: 219.55
C59: 5 | E59: 3 | F59: 6.2.5 | G59: SINAPI-C | H59: 97914 | I59: TRANSPORTE COM CAMINHÃO BASCULANTE DE 6 M³, EM VIA URBANA PAVIMENTADA, DMT ATÉ 30 KM (UNIDADE: M3XKM). AF_02/2026 | J59: M3XKM | K59: 314.05 | L59: 3.5 | M59: 1 | N59: 4.27 | O59: 1340.99
B60: 3 | E60: 2 | F60: 6.3 | G60: ASSENTAMENTO DE TUBULAÇÕES | O60: 50034.95
C61: 1 | E61: 3 | F61: 6.3.1 | G61: SINAPI-I | H61: 6212 | I61: TABUA *2,5 X 30 CM EM PINUS, MISTA OU EQUIVALENTE DA REGIAO - BRUTA | J61: M | K61: 125.62 | L61: 11.64 | M61: 1 | N61: 14.2 | O61: 1783.8
C62: 2 | E62: 3 | F62: 6.3.2 | G62: SINAPI-C | H62: 92833 | I62: TUBO DE CONCRETO PARA REDES COLETORAS DE ESGOTO SANITÁRIO, DIÂMETRO DE 300 MM, JUNTA ELÁSTICA, INSTALADO EM LOCAL COM BAIXO NÍVEL DE INTERFERÊNCIAS - FORNECIMENTO E ASSENTAMENTO. AF_03/2024 | J62: M | K62: 32.92 | L62: 249.35 | M62: 1 | N62: 304.2 | O62: 10014.26
C63: 3 | E63: 3 | F63: 6.3.3 | G63: SINAPI-C | H63: 92212 | I63: TUBO DE CONCRETO PARA REDES COLETORAS DE ÁGUAS PLUVIAIS, DIÂMETRO DE 600 MM, JUNTA RÍGIDA, INSTALADO EM LOCAL COM BAIXO NÍVEL DE INTERFERÊNCIAS - FORNECIMENTO E ASSENTAMENTO. AF_03/2024 | J63: M | K63: 92.7 | L63: 338.1 | M63: 1 | N63: 412.48 | O63: 38236.89
B64: 4 | E64: 2 | F64: 6.4 | G64: BOCAS DE LOBO | O64: 21582
C65: 1 | E65: 3 | F65: 6.4.1 | G65: COMPOSIÇÃO | H65: 7 | I65: CAIXA PRE-MOLDADA PARA BOCA DE LOBO, EM CONCRETO ARMADO, COM FCK DE 25 MPA, COM GRELHA DE FERRO FUNDIDO | J65: UND | K65: 10 | L65: 1769.02 | M65: 1 | N65: 2158.2 | O65: 21582
A66: 7 | E66: 1 | F66: 7 | G66: TERRAPLENAGEM | O66: 35278.13
B67: 1 | E67: 2 | F67: 7.1 | G67: CORTE | O67: 839.94
C68: 1 | E68: 3 | F68: 7.1.1 | G68: SINAPI-C | H68: 101124 | I68: ESCAVAÇÃO HORIZONTAL, INCLUINDO CARGA E DESCARGA EM SOLO DE 1A CATEGORIA COM TRATOR DE ESTEIRAS (100HP/LÂMINA: 2,19M3). AF_07/2020 | J68: M3 | K68: 41.83 | L68: 16.46 | M68: 1 | N68: 20.08 | O68: 839.94
B69: 2 | E69: 2 | F69: 7.2 | G69: ATERRO | O69: 34438.19
C70: 1 | E70: 3 | F70: 7.2.1 | G70: SINAPI-C | H70: 105560 | I70: EXECUÇÃO E COMPACTAÇÃO DE CAMADA FINAL DE ATERRO (100% DE ENERGIA DO PROCTOR NORMAL) COM SOLO PREDOMINANTEMENTE ARGILOSO, EM CAMADAS COM ESPESSURA DE 20 CM - EXCLUSIVE ESCAVAÇÃO, CARGA E TRANSPORTE E SOLO. AF_09/2024 | J70: M3 | K70: 75.59 | L70: 14.38 | M70: 1 | N70: 17.54 | O70: 1325.84
C71: 2 | E71: 3 | F71: 7.2.2 | G71: SINAPI-C | H71: 105559 | I71: EXECUÇÃO E COMPACTAÇÃO DE CORPO DE ATERRO DE ATERRO (95% DE ENERGIA DO PROCTOR NORMAL) COM SOLO PREDOMINANTEMENTE ARGILOSO, EM CAMADAS COM ESPESSURA DE 20 CM - EXCLUSIVE ESCAVAÇÃO, CARGA E TRANSPORTE E SOLO. AF_09/2024 | J71: M3 | K71: 428.32 | L71: 12.07 | M71: 1 | N71: 14.72 | O71: 6304.87
C72: 3 | E72: 3 | F72: 7.2.3 | G72: SINAPI-C | H72: 100977 | I72: CARGA, MANOBRA E DESCARGA DE SOLOS E MATERIAIS GRANULARES EM CAMINHÃO BASCULANTE 6 M³ - CARGA COM ESCAVADEIRA HIDRÁULICA (CAÇAMBA DE 1,20 M³ / 155 HP) E DESCARGA LIVRE (UNIDADE: M3). AF_02/2026 | J72: M3 | K72: 503.9 | L72: 8.61 | M72: 1 | N72: 10.5 | O72: 5290.95
C73: 4 | E73: 3 | F73: 7.2.4 | G73: SINAPI-C | H73: 97914 | I73: TRANSPORTE COM CAMINHÃO BASCULANTE DE 6 M³, EM VIA URBANA PAVIMENTADA, DMT ATÉ 30 KM (UNIDADE: M3XKM). AF_02/2026 | J73: M3XKM | K73: 5039 | L73: 3.5 | M73: 1 | N73: 4.27 | O73: 21516.53
A74: 8 | E74: 1 | F74: 8 | G74: SINALIZAÇÃO | O74: 8693.35
B75: 1 | E75: 2 | F75: 8.1 | G75: HORIZONTAL | O75: 3931.56
C76: 1 | E76: 3 | F76: 8.1.1 | G76: SICRO | H76: 5213362 | I76: Tachão refletivo em plástico injetado - bidirecional - fornecimento e colocação | J76: un | K76: 6 | L76: 90.02 | M76: 1 | N76: 109.82 | O76: 658.92
C77: 2 | E77: 3 | F77: 8.1.2 | G77: SINAPI-C | H77: 102512 | I77: PINTURA DE EIXO VIÁRIO SOBRE ASFALTO COM TINTA RETRORREFLETIVA A BASE DE RESINA ACRÍLICA COM MICROESFERAS DE VIDRO, E = 10 CM, APLICAÇÃO MECÂNICA COM DEMARCADORA AUTOPROPELIDA. AF_05/2021 | J77: M | K77: 372 | L77: 7.02 | M77: 1 | N77: 8.56 | O77: 3184.32
C78: 3 | E78: 3 | F78: 8.1.3 | G78: SINAPI-C | H78: 102509 | I78: PINTURA DE FAIXA DE PEDESTRE OU ZEBRADA TINTA RETRORREFLETIVA A BASE DE RESINA ACRÍLICA COM MICROESFERAS DE VIDRO, E = 30 CM, APLICAÇÃO MANUAL. AF_05/2021 | J78: M2 | K78: 2.24 | L78: 32.32 | M78: 1 | N78: 39.43 | O78: 88.32
B79: 2 | E79: 2 | F79: 8.2 | G79: VERTICAL
C80: 1 | E80: 3 | F80: 8.2.1 | G80: COMPOSIÇÃO | H80: 5 | I80: PLACA DE ADVERTÊNCIA EM AÇO, LADO DE 0,60 M - PELÍCULA RETRORREFLETIVA TIPO I + SI, INCLUSO SUPORTE METÁLICO GALVANIZADO | J80: UND | K80: 1 | L80: 780.65 | M80: 1 | N80: 952.39 | O80: 952.39
C81: 2 | E81: 3 | F81: 8.2.2 | G81: COMPOSIÇÃO | H81: 6 | I81: PLACA DE REGULAMENTAÇÃO EM AÇO D = 0,60 M - PELÍCULA RETRORREFLETIVA TIPO I + SI, INCLUSO SUPORTE METÁLICO GALVANIZADO | J81: UND | K81: 4 | L81: 780.62 | M81: 1 | N81: 952.35 | O81: 3809.4
A82: 9 | E82: 1 | F82: 9 | G82: CONTENÇÃO | O82: 13354.3
B83: 1 | E83: 2 | F83: 9.1 | G83: VIGA DE CONTENÇÃO LATERAL | O83: 9151.63
C84: 1 | E84: 3 | F84: 9.1.1 | G84: SINAPI-C | H84: 104916 | I84: ARMAÇÃO DE SAPATA ISOLADA, VIGA BALDRAME E SAPATA CORRIDA UTILIZANDO AÇO CA-60 DE 5 MM - MONTAGEM. AF_01/2024 | J84: KG | L84: 18.99 | M84: 1 | N84: 23.16 | O84: 741.12
C85: 2 | E85: 3 | F85: 9.1.2 | G85: SINAPI-C | H85: 104918 | I85: ARMAÇÃO DE SAPATA ISOLADA, VIGA BALDRAME E SAPATA CORRIDA UTILIZANDO AÇO CA-50 DE 8 MM - MONTAGEM. AF_01/2024 | J85: KG | L85: 15.18 | M85: 1 | N85: 18.51 | O85: 1925.04
C86: 3 | E86: 3 | F86: 9.1.3 | G86: SINAPI-C | H86: 103674 | I86: CONCRETAGEM DE VIGAS E LAJES, FCK=25 MPA, PARA LAJES PREMOLDADAS COM USO DE BOMBA - LANÇAMENTO, ADENSAMENTO E ACABAMENTO. AF_02/2022_PS | J86: M3 | L86: 840.64 | M86: 1 | N86: 1025.58 | O86: 2461.39
C87: 4 | E87: 3 | F87: 9.1.4 | G87: SINAPI-C | H87: 92265 | I87: FABRICAÇÃO DE FÔRMA PARA VIGAS, EM CHAPA DE MADEIRA COMPENSADA RESINADA, E = 17 MM. AF_09/2020 | J87: M2 | L87: 137.44 | M87: 1 | N87: 167.67 | O87: 4024.08
B88: 2 | E88: 2 | F88: 9.2 | G88: FUNDAÇÃO EM FUROS DE TRADO | O88: 4202.67
C89: 1 | E89: 3 | F89: 9.2.1 | G89: SINAPI-C | H89: 101173 | I89: ESTACA BROCA DE CONCRETO, DIÂMETRO DE 20CM, ESCAVAÇÃO MANUAL COM TRADO CONCHA, COM ARMADURA DE ARRANQUE. AF_05/2020 | J89: M | L89: 74.09 | M89: 1 | N89: 90.38 | O89: 4202.67
F92: 46226
F94: Responsável pela elaboração:
F95: Jonathan de Souza Nunes
F96: Registro Profissional: CREA/SC 156148-2

Sheet QNT
A1: PLANILHA DE QUANTITATIVO
A3: EDITAL | C3: 0
A4: OBJETO | C4: VIA DE ACESSO À ESCOLA NESTOR MARGARIDA | T4: TOTAL
A5: RAZÃO SOCIAL | C5: PREFEITURA MUNICIPAL DE TIMBÓ | Q5: Todos os itens Orçados estão Quantificados | T5: 455699.76
A6: CNPJ | C6: 83.102.764/0001-15 | T6: OK
A8: ITEM | B8: PAVIMENTO | C8: DISCIPLINA | D8: DESCRIÇÃO | E8: OBS | F8: QNT | G8: Ø | H8: KG | I8: DMT | J8: COMP. | K8: LARG. | L8: ALT. | M8: PERIM. | N8: ÁREA | O8: VOLUME | P8: TOTAL | Q8: EVENTO | R8: FRENTE | S8: PREÇO UNI | T8: R$/FRENTE
A9: 1.1.1 | C9: GESTÃO | D9: ADMINISTRAÇÃO LOCAL, CONSIDERANDO 4 MESES DE OBRA - UNIDADE REFERENTE A PORCENTAGEM DA OBRA EXECUTADA EM RELAÇÃO AO VALOR GLOBAL | F9: 1 | P9: 1 | Q9: ADMINISTRAÇÃO LOCAL | R9: ÚNICA | S9: 36315.78 | T9: 36315.78
A10: 2.1.1 | C10: GESTÃO | D10: MOBILIZAÇÃO E DESMOBILIZAÇÃO | F10: 2 | P10: 2 | Q10: MOBILIZAÇÃO E DESMOBILIZAÇÃO | R10: ÚNICA | S10: 2386.83 | T10: 4773.66
A11: 3.1.1 | C11: GESTÃO | D11: LOCACAO DE CONTAINER 2,30 X 6,00 M, ALT. 2,50 M, COM 1 SANITARIO, PARA ESCRITORIO, COMPLETO, SEM DIVISORIAS INTERNAS (NAO INCLUI MOBILIZACAO/DESMOBILIZACAO) | F11: 4 | P11: 4 | Q11: CANTEIRO | R11: ÚNICA | S11: 1319.12 | T11: 5276.48
A12: 3.1.2 | C12: GESTÃO | D12: FORNECIMENTO E INSTALAÇÃO DE PLACA DE OBRA COM CHAPA GALVANIZADA E ESTRUTURA DE MADEIRA. AF_03/2022_PS | J12: 2 | K12: 3 | N12: 6 | P12: 6 | Q12: CANTEIRO | R12: ÚNICA | S12: 614.94 | T12: 3689.64
A13: 4.1.1 | C13: PAVIMENTAÇÃO | D13: TRANSPORTE COM CAMINHÃO BASCULANTE DE 10 M³, EM VIA URBANA PAVIMENTADA, DMT ATÉ 30 KM (UNIDADE: M3XKM). AF_02/2026 | E13: 0.25 | O13: 524.8125 | P13: 524.8125 | Q13: PISTA DE ROLAMENTO | R13: ÚNICA | S13: 3.53 | T13: 1852.58
A14: 4.1.2 | C14: PAVIMENTAÇÃO | D14: CARGA, MANOBRA E DESCARGA DE SOLOS E MATERIAIS GRANULARES EM CAMINHÃO BASCULANTE 10 M³ - CARGA COM ESCAVADEIRA HIDRÁULICA (CAÇAMBA DE 1,20 M³ / 155 HP) E DESCARGA LIVRE (UNIDADE: M3). AF_02/2026 | E14: 0.25 | O14: 524.8125 | P14: 524.8125 | Q14: PISTA DE ROLAMENTO | R14: ÚNICA | S14: 9.38 | T14: 4922.74
A15: 4.1.3 | C15: PAVIMENTAÇÃO | D15: CONSTRUÇÃO DE BASE E SUB-BASE PARA PAVIMENTAÇÃO DE RACHÃO, COM ESPESSURA DE 30 CM - EXCLUSIVE CARGA E TRANSPORTE. AF_09/2024 | J15: 933 | K15: 0.3 | O15: 279.9 | P15: 279.9 | Q15: PISTA DE ROLAMENTO | R15: ÚNICA | S15: 182.03 | T15: 50950.19
A16: 4.1.4 | C16: PAVIMENTAÇÃO | D16: CONSTRUÇÃO DE BASE E SUB-BASE PARA PAVIMENTAÇÃO DE BRITA GRADUADA SIMPLES, COM ESPESSURA DE 15 CM - EXCLUSIVE CARGA E TRANSPORTE. AF_09/2024 | J16: 933 | K16: 0.15 | O16: 139.95 | P16: 139.95 | Q16: PISTA DE ROLAMENTO | R16: ÚNICA | S16: 262.75 | T16: 36771.86
A17: 4.1.5 | C17: PAVIMENTAÇÃO | D17: EXECUÇÃO DE PAVIMENTO EM PISO INTERTRAVADO, COM BLOCO RETANGULAR COR NATURAL DE 20 X 10 CM, ESPESSURA 8 CM. AF_10/2022 | N17: 933 | P17: 933 | Q17: PISTA DE ROLAMENTO | R17: ÚNICA | S17: 108.89 | T17: 101594.37
A18: 4.1.6 | C18: PAVIMENTAÇÃO | D18: ASSENTAMENTO DE GUIA (MEIO-FIO) EM TRECHO RETO, CONFECCIONADA EM CONCRETO PRÉ-FABRICADO, DIMENSÕES 100X15X13X30 CM (COMPRIMENTO X BASE INFERIOR X BASE SUPERIOR X ALTURA). AF_01/2024 | M18: 268 | P18: 268 | Q18: PISTA DE ROLAMENTO | R18: ÚNICA | S18: 60.45 | T18: 16200.6
A19: 4.2.1 | C19: PAVIMENTAÇÃO | D19: EXECUÇÃO DE PASSEIO EM PISO INTERTRAVADO, COM BLOCO RETANGULAR COR NATURAL DE 20 X 10 CM, ESPESSURA 6 CM. AF_10/2022 | N19: 265 | P19: 265 | Q19: PASSEIO | R19: ÚNICA | S19: 110.65 | T19: 29322.25
A20: 4.2.2 | C20: PAVIMENTAÇÃO | D20: ASSENTAMENTO DE GUIA (MEIO-FIO) EM TRECHO RETO, CONFECCIONADA EM CONCRETO PRÉ-FABRICADO, DIMENSÕES 100X15X13X30 CM (COMPRIMENTO X BASE INFERIOR X BASE SUPERIOR X ALTURA). AF_01/2024 | M20: 136 | P20: 136 | Q20: PASSEIO | R20: ÚNICA | S20: 60.45 | T20: 8221.2
A21: 5.1.1 | C21: ILUMINAÇÃO | D21: ASSENTAMENTO DE POSTE DE CONCRETO COM COMPRIMENTO NOMINAL DE 9 M, CARGA NOMINAL DE 150 DAN, ENGASTAMENTO BASE CONCRETADA COM 1 M DE CONCRETO E 0,5 M DE SOLO (NÃO INCLUI FORNECIMENTO). AF_04/2025 | F21: 5 | P21: 5 | Q21: ILUMINAÇÃO PÚBLICA | R21: ÚNICA | S21: 929.45 | T21: 4647.25
A22: 5.1.2 | C22: ILUMINAÇÃO | D22: POSTE DE CONCRETO ARMADO DE SECAO DUPLO T, EXTENSAO DE 9,00 M, RESISTENCIA DE 150 DAN, TIPO D | F22: 5 | P22: 5 | Q22: ILUMINAÇÃO PÚBLICA | R22: ÚNICA | S22: 1037.92 | T22: 5189.6
A23: 5.2.1 | C23: ILUMINAÇÃO | D23: DISJUNTOR MONOPOLAR TIPO DIN, CORRENTE NOMINAL DE 40A - FORNECIMENTO E INSTALAÇÃO. AF_07/2025 | F23: 1 | P23: 1 | Q23: ILUMINAÇÃO PÚBLICA | R23: ÚNICA | S23: 28.85 | T23: 28.85
A24: 5.2.2 | C24: ILUMINAÇÃO | D24: CABO DE ALUMINIO MULTIPLEXADO (DUPLEX), 10 MM², 0,6/1,0 KV, PARA REDE AÉREA DE DISTRIBUIÇÃO DE ENERGIA ELÉTRICA - FORNECIMENTO E INSTALAÇÃO. | F24: 170 | P24: 170 | Q24: ILUMINAÇÃO PÚBLICA | R24: ÚNICA | S24: 5.07 | T24: 861.9
A25: 5.2.3 | C25: ILUMINAÇÃO | D25: CABO DE COBRE FLEXÍVEL ISOLADO, 10 MM², ANTI-CHAMA 450/750 V, PARA CIRCUITOS TERMINAIS - FORNECIMENTO E INSTALAÇÃO. AF_03/2023 | F25: 140 | P25: 140 | Q25: ILUMINAÇÃO PÚBLICA | R25: ÚNICA | S25: 26.14 | T25: 3659.6
A26: 5.2.4 | C26: ILUMINAÇÃO | D26: CABO DE COBRE FLEXÍVEL ISOLADO, 2,5 MM², ANTI-CHAMA 450/750 V, PARA CIRCUITOS TERMINAIS - FORNECIMENTO E INSTALAÇÃO. AF_03/2023 | F26: 30 | P26: 30 | Q26: ILUMINAÇÃO PÚBLICA | R26: ÚNICA | S26: 6.94 | T26: 208.2
A27: 5.2.5 | C27: ILUMINAÇÃO | D27: ISOLADOR DE PORCELANA, TIPO ROLDANA, DIMENSOES DE *72* X *72* MM, PARA USO EM BAIXA TENSAO | F27: 6 | P27: 6 | Q27: ILUMINAÇÃO PÚBLICA | R27: ÚNICA | S27: 5.75 | T27: 34.5
A28: 5.2.6 | C28: ILUMINAÇÃO | D28: ALCA PREFORMADA DE DISTRIBUICAO, EM ACO GALVANIZADO, PARA CABO DE ALUMINIO DIAMETRO 16 A 25 MM | F28: 6 | P28: 6 | Q28: ILUMINAÇÃO PÚBLICA | R28: ÚNICA | S28: 6.88 | T28: 41.28
A29: 5.2.7 | C29: ILUMINAÇÃO | D29: PARAFUSO M16 EM ACO GALVANIZADO, COMPRIMENTO = 250 MM, DIAMETRO = 16 MM, ROSCA MAQUINA, CABECA QUADRADA | F29: 16 | P29: 16 | Q29: ILUMINAÇÃO PÚBLICA | R29: ÚNICA | S29: 18.34 | T29: 293.44
A30: 5.2.8 | C30: ILUMINAÇÃO | D30: CONECTOR PERFURANTE, PARA REDES AÉREAS DE DISTRIBUIÇÃO DE ENERGIA ELÉTRICA DE BAIXA TENSÃO - FORNECIMENTO E INSTALAÇÃO. AF_12/2025 | F30: 12 | P30: 12 | Q30: ILUMINAÇÃO PÚBLICA | R30: ÚNICA | S30: 22.93 | T30: 275.16
A31: 5.3.1 | C31: ILUMINAÇÃO | D31: LUMINÁRIA DE LED PARA ILUMINAÇÃO PÚBLICA, DE 68 W ATÉ 97 W - FORNECIMENTO E INSTALAÇÃO. AF_02/2025_PS | F31: 5 | P31: 5 | Q31: ILUMINAÇÃO PÚBLICA | R31: ÚNICA | S31: 439.43 | T31: 2197.15
A32: 5.3.2 | C32: ILUMINAÇÃO | D32: BRAÇO PARA ILUMINAÇÃO PÚBLICA, EM TUBO DE AÇO GALVANIZADO, COMPRIMENTO DE 1,50 M, PARA FIXAÇÃO EM POSTE DE CONCRETO - FORNECIMENTO E INSTALAÇÃO. AF_02/2025_PS | F32: 5 | P32: 5 | Q32: ILUMINAÇÃO PÚBLICA | R32: ÚNICA | S32: 193.27 | T32: 966.35
A33: 6.1.1 | C33: DRENAGEM | D33: LOCAÇÃO DE REDE DE ÁGUA OU ESGOTO. AF_03/2024 | M33: 125.62 | P33: 125.62 | Q33: DRENAGEM | R33: ÚNICA | S33: 16.38 | T33: 2057.65
A34: 6.2.1 | C34: DRENAGEM | D34: ESCAVAÇÃO MECANIZADA DE VALA COM PROF. ATÉ 1,5 M (MÉDIA MONTANTE E JUSANTE/UMA COMPOSIÇÃO POR TRECHO), ESCAVADEIRA (0,8 M3), LARG. MENOR QUE 1,5 M, EM SOLO DE 1A CATEGORIA, EM LOCAIS COM ALTO NÍVEL DE INTERFERÊNCIA. AF_09/2024 | J34: 125.62 | K34: 0.5 | L34: 1.5 | N34: 62.81 | O34: 94.215 | P34: 94.22 | Q34: DRENAGEM | R34: ÚNICA | S34: 14.38 | T34: 1354.88
A35: 6.2.2 | C35: DRENAGEM | D35: REATERRO MECANIZADO DE VALA COM RETROESCAVADEIRA (CAPACIDADE DA CAÇAMBA DA RETRO: 0,26 M³/POTÊNCIA: 88 HP), LARGURA 0,8 A 1,5 M, PROFUNDIDADE ATÉ 1,5 M, COM SOLO (SEM SUBSTITUIÇÃO) DE 1ª CATEGORIA, COM COMPACTADOR DE SOLOS DE PERCUSSÃO AF_08/2023 | J35: 125.62 | K35: 0.5 | L35: 1 | N35: 62.81 | O35: 62.81 | P35: 62.81 | Q35: DRENAGEM | R35: ÚNICA | S35: 26.15 | T35: 1642.48
A36: 6.2.3 | C36: DRENAGEM | D36: PREPARO DE FUNDO DE VALA COM LARGURA MENOR QUE 1,5 M, COM CAMADA DE BRITA, LANÇAMENTO MECANIZADO. AF_01/2026 | J36: 125.62 | K36: 0.7 | L36: 0.05 | N36: 87.934 | O36: 4.3967 | P36: 4.4 | Q36: DRENAGEM | R36: ÚNICA | S36: 419.74 | T36: 1846.85
A37: 6.2.4 | C37: DRENAGEM | D37: CARGA, MANOBRA E DESCARGA DE SOLOS E MATERIAIS GRANULARES EM CAMINHÃO BASCULANTE 6 M³ - CARGA COM ESCAVADEIRA HIDRÁULICA (CAÇAMBA DE 1,20 M³ / 155 HP) E DESCARGA LIVRE (UNIDADE: T). AF_02/2026 | O37: 31.405 | P37: 31.41 | Q37: DRENAGEM | R37: ÚNICA | S37: 6.99 | T37: 219.55
A38: 6.2.5 | C38: DRENAGEM | D38: TRANSPORTE COM CAMINHÃO BASCULANTE DE 6 M³, EM VIA URBANA PAVIMENTADA, DMT ATÉ 30 KM (UNIDADE: M3XKM). AF_02/2026 | I38: 10 | O38: 31.405 | P38: 314.05 | Q38: DRENAGEM | R38: ÚNICA | S38: 4.27 | T38: 1340.99
A39: 6.3.1 | C39: DRENAGEM | D39: TABUA *2,5 X 30 CM EM PINUS, MISTA OU EQUIVALENTE DA REGIAO - BRUTA | J39: 125.62 | P39: 125.62 | Q39: DRENAGEM | R39: ÚNICA | S39: 14.2 | T39: 1783.8
A40: 6.3.2 | C40: DRENAGEM | D40: TUBO DE CONCRETO PARA REDES COLETORAS DE ESGOTO SANITÁRIO, DIÂMETRO DE 300 MM, JUNTA ELÁSTICA, INSTALADO EM LOCAL COM BAIXO NÍVEL DE INTERFERÊNCIAS - FORNECIMENTO E ASSENTAMENTO. AF_03/2024 | J40: 32.92 | P40: 32.92 | Q40: DRENAGEM | R40: ÚNICA | S40: 304.2 | T40: 10014.26
A41: 6.3.3 | C41: DRENAGEM | D41: TUBO DE CONCRETO PARA REDES COLETORAS DE ÁGUAS PLUVIAIS, DIÂMETRO DE 600 MM, JUNTA RÍGIDA, INSTALADO EM LOCAL COM BAIXO NÍVEL DE INTERFERÊNCIAS - FORNECIMENTO E ASSENTAMENTO. AF_03/2024 | J41: 92.7 | P41: 92.7 | Q41: DRENAGEM | R41: ÚNICA | S41: 412.48 | T41: 38236.89
A42: 6.4.1 | C42: DRENAGEM | D42: CAIXA PRE-MOLDADA PARA BOCA DE LOBO, EM CONCRETO ARMADO, COM FCK DE 25 MPA, COM GRELHA DE FERRO FUNDIDO | F42: 10 | P42: 10 | Q42: DRENAGEM | R42: ÚNICA | S42: 2158.2 | T42: 21582
A43: 7.1.1 | C43: TERRAPLENAGEM | D43: ESCAVAÇÃO HORIZONTAL, INCLUINDO CARGA E DESCARGA EM SOLO DE 1A CATEGORIA COM TRATOR DE ESTEIRAS (100HP/LÂMINA: 2,19M3). AF_07/2020 | O43: 41.83 | P43: 41.83 | Q43: TERRAPLENAGEM | R43: ÚNICA | S43: 20.08 | T43: 839.94
A44: 7.2.1 | C44: TERRAPLENAGEM | D44: EXECUÇÃO E COMPACTAÇÃO DE CAMADA FINAL DE ATERRO (100% DE ENERGIA DO PROCTOR NORMAL) COM SOLO PREDOMINANTEMENTE ARGILOSO, EM CAMADAS COM ESPESSURA DE 20 CM - EXCLUSIVE ESCAVAÇÃO, CARGA E TRANSPORTE E SOLO. AF_09/2024 | F44: 0.15 | O44: 503.9 | P44: 75.59 | Q44: TERRAPLENAGEM | R44: ÚNICA | S44: 17.54 | T44: 1325.84
A45: 7.2.2 | C45: TERRAPLENAGEM | D45: EXECUÇÃO E COMPACTAÇÃO DE CORPO DE ATERRO DE ATERRO (95% DE ENERGIA DO PROCTOR NORMAL) COM SOLO PREDOMINANTEMENTE ARGILOSO, EM CAMADAS COM ESPESSURA DE 20 CM - EXCLUSIVE ESCAVAÇÃO, CARGA E TRANSPORTE E SOLO. AF_09/2024 | F45: 0.85 | O45: 503.9 | P45: 428.32 | Q45: TERRAPLENAGEM | R45: ÚNICA | S45: 14.72 | T45: 6304.87
A46: 7.2.3 | C46: TERRAPLENAGEM | D46: CARGA, MANOBRA E DESCARGA DE SOLOS E MATERIAIS GRANULARES EM CAMINHÃO BASCULANTE 6 M³ - CARGA COM ESCAVADEIRA HIDRÁULICA (CAÇAMBA DE 1,20 M³ / 155 HP) E DESCARGA LIVRE (UNIDADE: M3). AF_02/2026 | O46: 503.9 | P46: 503.9 | Q46: TERRAPLENAGEM | R46: ÚNICA | S46: 10.5 | T46: 5290.95
A47: 7.2.4 | C47: TERRAPLENAGEM | D47: TRANSPORTE COM CAMINHÃO BASCULANTE DE 6 M³, EM VIA URBANA PAVIMENTADA, DMT ATÉ 30 KM (UNIDADE: M3XKM). AF_02/2026 | I47: 10 | O47: 503.9 | P47: 5039 | Q47: TERRAPLENAGEM | R47: ÚNICA | S47: 4.27 | T47: 21516.53
A48: 8.1.1 | C48: SINALIZAÇÃO | D48: Tachão refletivo em plástico injetado - bidirecional - fornecimento e colocação | F48: 6 | P48: 6 | Q48: SINALIZAÇÃO | R48: ÚNICA | S48: 109.82 | T48: 658.92
A49: 8.1.2 | C49: SINALIZAÇÃO | D49: PINTURA DE EIXO VIÁRIO SOBRE ASFALTO COM TINTA RETRORREFLETIVA A BASE DE RESINA ACRÍLICA COM MICROESFERAS DE VIDRO, E = 10 CM, APLICAÇÃO MECÂNICA COM DEMARCADORA AUTOPROPELIDA. AF_05/2021 | M49: 372 | P49: 372 | Q49: SINALIZAÇÃO | R49: ÚNICA | S49: 8.56 | T49: 3184.32
A50: 8.1.3 | C50: SINALIZAÇÃO | D50: PINTURA DE FAIXA DE PEDESTRE OU ZEBRADA TINTA RETRORREFLETIVA A BASE DE RESINA ACRÍLICA COM MICROESFERAS DE VIDRO, E = 30 CM, APLICAÇÃO MANUAL. AF_05/2021 | E50: Faixa de reversão | N50: 2.24 | P50: 2.24 | Q50: SINALIZAÇÃO | R50: ÚNICA | S50: 39.43 | T50: 88.32
A51: 8.2.1 | C51: SINALIZAÇÃO | D51: PLACA DE ADVERTÊNCIA EM AÇO, LADO DE 0,60 M - PELÍCULA RETRORREFLETIVA TIPO I + SI, INCLUSO SUPORTE METÁLICO GALVANIZADO | F51: 1 | P51: 1 | Q51: SINALIZAÇÃO | R51: ÚNICA | S51: 952.39 | T51: 952.39
A52: 8.2.2 | C52: SINALIZAÇÃO | D52: PLACA DE REGULAMENTAÇÃO EM AÇO D = 0,60 M - PELÍCULA RETRORREFLETIVA TIPO I + SI, INCLUSO SUPORTE METÁLICO GALVANIZADO | F52: 4 | P52: 4 | Q52: SINALIZAÇÃO | R52: ÚNICA | S52: 952.35 | T52: 3809.4
A53: 9.1.1 | C53: ESTRUTURA | D53: ARMAÇÃO DE SAPATA ISOLADA, VIGA BALDRAME E SAPATA CORRIDA UTILIZANDO AÇO CA-60 DE 5 MM - MONTAGEM. AF_01/2024 | H53: 32 | N53: 0 | O53: 0 | P53: 32 | Q53: CONTENÇÃO | R53: ÚNICA | S53: 23.16 | T53: 741.12
A54: 9.1.2 | C54: ESTRUTURA | D54: ARMAÇÃO DE SAPATA ISOLADA, VIGA BALDRAME E SAPATA CORRIDA UTILIZANDO AÇO CA-50 DE 8 MM - MONTAGEM. AF_01/2024 | H54: 104 | N54: 0 | O54: 0 | P54: 104 | Q54: CONTENÇÃO | R54: ÚNICA | S54: 18.51 | T54: 1925.04
A55: 9.1.3 | C55: ESTRUTURA | D55: CONCRETAGEM DE VIGAS E LAJES, FCK=25 MPA, PARA LAJES PREMOLDADAS COM USO DE BOMBA - LANÇAMENTO, ADENSAMENTO E ACABAMENTO. AF_02/2022_PS | O55: 2.4 | P55: 2.4 | Q55: CONTENÇÃO | R55: ÚNICA | S55: 1025.58 | T55: 2461.39
A56: 9.1.4 | C56: ESTRUTURA | D56: FABRICAÇÃO DE FÔRMA PARA VIGAS, EM CHAPA DE MADEIRA COMPENSADA RESINADA, E = 17 MM. AF_09/2020 | N56: 24 | P56: 24 | Q56: CONTENÇÃO | R56: ÚNICA | S56: 167.67 | T56: 4024.08
A57: 9.2.1 | C57: ESTRUTURA | D57: ESTACA BROCA DE CONCRETO, DIÂMETRO DE 20CM, ESCAVAÇÃO MANUAL COM TRADO CONCHA, COM ARMADURA DE ARRANQUE. AF_05/2020 | M57: 46.5 | N57: 0 | O57: 0 | P57: 46.5 | Q57: CONTENÇÃO | R57: ÚNICA | S57: 90.38 | T57: 4202.67
N58: 0 | O58: 0 | R58: ÚNICA
N59: 0 | O59: 0 | R59: ÚNICA
N60: 0 | O60: 0 | R60: ÚNICA
N61: 0 | O61: 0 | R61: ÚNICA
N62: 0 | O62: 0 | R62: ÚNICA
N63: 0 | O63: 0 | R63: ÚNICA
N64: 0 | O64: 0 | R64: ÚNICA
N65: 0 | O65: 0 | R65: ÚNICA
N66: 0 | O66: 0 | R66: ÚNICA
N67: 0 | O67: 0 | R67: ÚNICA
N68: 0 | O68: 0 | R68: ÚNICA
N69: 0 | O69: 0 | R69: ÚNICA
... N103: 0 | O103: 0 | R103: ÚNICA
N104: 0 | O104: 0
N105: 0 | O105: 0
N106: 0 | O106: 0
N107: 0 | O107: 0
N108: 0 | O108: 0
N109: 0 | O109: 0

Sheet EVENTOS
B1: AGRUPADORES DE EVENTOS
B3: EDITAL | C3: 0
B4: OBJETO | C4: VIA DE ACESSO À ESCOLA NESTOR MARGARIDA
B5: RAZÃO SOCIAL | C5: PREFEITURA MUNICIPAL DE TIMBÓ
B6: CNPJ | C6: 83.102.764/0001-15
B8: Nº EVENTO | C8: TÍTULO DO EVENTO | D8: VALOR DO EVENTO | E8: PERCENTUAL TOTAL
B9: 1 | C9: ADMINISTRAÇÃO LOCAL | D9: 36315.78 | E9: 0.07969234
B10: 2 | C10: MOBILIZAÇÃO E DESMOBILIZAÇÃO | D10: 4773.66 | E10: 0.01047545
B11: 3 | C11: CANTEIRO | D11: 8966.12 | E11: 0.019675499
B12: 4 | C12: PISTA DE ROLAMENTO | D12: 212292.34 | E12: 0.46586011
B13: 5 | C13: PASSEIO | D13: 37543.45 | E13: 0.082386372
B14: 6 | C14: ILUMINAÇÃO PÚBLICA | D14: 18403.28 | E14: 0.04038466
B15: 7 | C15: DRENAGEM | D15: 80079.35 | E15: 0.17572831
B16: 8 | C16: TERRAPLENAGEM | D16: 35278.13 | E16: 0.077415292
B17: 9 | C17: SINALIZAÇÃO | D17: 8693.35 | E17: 0.019076925
B18: 10 | C18: CONTENÇÃO | D18: 13354.3 | E18: 0.029305041
B19: TOTAL ACUMULADO | D19: 455699.76 | E19: 1

Sheet PLE
B1: CRONOGRAMA DE EVENTOS - PLE
B3: EDITAL | C3: 0
B4: OBJETO | C4: VIA DE ACESSO À ESCOLA NESTOR MARGARIDA
B5: RAZÃO SOCIAL | C5: PREFEITURA MUNICIPAL DE TIMBÓ
B6: CNPJ | C6: 83.102.764/0001-15
B8: Nº EVENTO | C8: TÍTULO DO EVENTO | D8: TIPO | E8: 1 | F8: 2 | G8: 3 | H8: 4 | I8: 5 | J8: 6 | K8: 7 | L8: 8 | M8: 9 | N8: 10 | O8: TOTAL
E9: ÚNICA
B10: 1 | C10: ADMINISTRAÇÃO LOCAL | D10: MÊS | E10: Proporcional à execução dos demais eventos
D11: R$ | E11: 36315.78 | O11: 36315.78
D12: % | E12: 1 | O12: 0.07969234
B13: 2 | C13: MOBILIZAÇÃO E DESMOBILIZAÇÃO | D13: MÊS | E13: 1 | O13: 1
D14: R$ | E14: 4773.66 | O14: 4773.66 | Q14: Correto, o valor total confere com orçamento
D15: % | E15: 1 | O15: 0.01047545
B16: 3 | C16: CANTEIRO | D16: MÊS | E16: 1 | O16: 1
D17: R$ | E17: 8966.12 | O17: 8966.12
D18: % | E18: 1 | O18: 0.019675499
B19: 4 | C19: PISTA DE ROLAMENTO | D19: MÊS | E19: 3 | O19: 3
D20: R$ | E20: 212292.34 | O20: 212292.34
D21: % | E21: 1 | O21: 0.46586011
B22: 5 | C22: PASSEIO | D22: MÊS | E22: 3 | O22: 3
D23: R$ | E23: 37543.45 | O23: 37543.45
D24: % | E24: 1 | O24: 0.082386372
B25: 6 | C25: ILUMINAÇÃO PÚBLICA | D25: MÊS | E25: 4 | O25: 4
D26: R$ | E26: 18403.28 | O26: 18403.28
D27: % | E27: 1 | O27: 0.04038466
B28: 7 | C28: DRENAGEM | D28: MÊS | E28: 2 | O28: 2
D29: R$ | E29: 80079.35 | O29: 80079.35
D30: % | E30: 1 | O30: 0.17572831
B31: 8 | C31: TERRAPLENAGEM | D31: MÊS | E31: 2 | O31: 2
D32: R$ | E32: 35278.13 | O32: 35278.13
D33: % | E33: 1 | O33: 0.077415292
B34: 9 | C34: SINALIZAÇÃO | D34: MÊS | E34: 4 | O34: 4
D35: R$ | E35: 8693.35 | O35: 8693.35
D36: % | E36: 1 | O36: 0.019076925
B37: 10 | C37: CONTENÇÃO | D37: MÊS | E37: 3 | O37: 3
D38: R$ | E38: 13354.3 | O38: 13354.3
D39: % | E39: 1 | O39: 0.029305041
B40: TOTAL | O40: 455699.76
B41: Os valores preenchidos correspondem ao mês de finalização do respectivo evento

Sheet CURVA S
B1: CURVA S
B3: EDITAL | C3: 0
B4: OBJETO | C4: VIA DE ACESSO À ESCOLA NESTOR MARGARIDA
B5: RAZÃO SOCIAL | C5: PREFEITURA MUNICIPAL DE TIMBÓ
B6: CNPJ | C6: 83.102.764/0001-15
B31: MÊS | C31: VALOR | D31: %UNI | E31: %ACUMULADO
B32: 1 | C32: 50055.56 | D32: 0.10984329 | E32: 0.10984329
B33: 2 | C33: 115357.48 | D33: 0.2531436 | E33: 0.36298689
B34: 3 | C34: 263190.09 | D34: 0.57755152 | E34: 0.94053842
B35: 4 | C35: 27096.63 | D35: 0.059461585 | E35: 1
B36: Total | C36: 455699.76
B40: Nº EVENTO | C40: EVENTO | D40: FRENTE | E40: MÊS CONCLUSÃO | F40: VALOR
B41: 1 | C41: ADMINISTRAÇÃO LOCAL | D41: ÚNICA | E41: 1 | F41: 36315.78
B42: 2 | C42: MOBILIZAÇÃO E DESMOBILIZAÇÃO | D42: ÚNICA | E42: 1 | F42: 4773.66
B43: 3 | C43: CANTEIRO | D43: ÚNICA | E43: 1 | F43: 8966.12
B44: 4 | C44: PISTA DE ROLAMENTO | D44: ÚNICA | E44: 3 | F44: 212292.34
B45: 5 | C45: PASSEIO | D45: ÚNICA | E45: 3 | F45: 37543.45
B46: 6 | C46: ILUMINAÇÃO PÚBLICA | D46: ÚNICA | E46: 4 | F46: 18403.28
B47: 7 | C47: DRENAGEM | D47: ÚNICA | E47: 2 | F47: 80079.35
B48: 8 | C48: TERRAPLENAGEM | D48: ÚNICA | E48: 2 | F48: 35278.13
B49: 9 | C49: SINALIZAÇÃO | D49: ÚNICA | E49: 4 | F49: 8693.35
B50: 10 | C50: CONTENÇÃO | D50: ÚNICA | E50: 3 | F50: 13354.3

Sheet CURVA ABC
B1: CURVA ABC - PRINCIPIO DE PARETO
B3: EDITAL | C3: 0 | G3: FAIXAS
B4: OBJETO | C4: VIA DE ACESSO À ESCOLA NESTOR MARGARIDA | G4: A < 80 %
B5: RAZÃO SOCIAL | C5: PREFEITURA MUNICIPAL DE TIMBÓ | G5: B < 90 %
B6: CNPJ | C6: 83.102.764/0001-15 | G6: C ≤ 100 %
B8: ITEM | C8: DISCRIMINAÇÃO DOS SERVIÇOS | D8: PREÇO TOTAL | E8: % INDIVIDUAL | F8: % ACUMULADA | G8: CONCEITO
B9: 4.1.5 | C9: EXECUÇÃO DE PAVIMENTO EM PISO INTERTRAVADO, COM BLOCO RETANGULAR COR NATURAL DE 20 X 10 CM, ESPESSURA 8 CM. AF_10/2022 | D9: 101594.37 | E9: 0.22294146 | F9: 0.22294146 | G9: A
B10: 4.1.3 | C10: CONSTRUÇÃO DE BASE E SUB-BASE PARA PAVIMENTAÇÃO DE RACHÃO, COM ESPESSURA DE 30 CM - EXCLUSIVE CARGA E TRANSPORTE. AF_09/2024 | D10: 50950.19 | E10: 0.11180649 | F10: 0.33474795 | G10: A
B11: 6.3.3 | C11: TUBO DE CONCRETO PARA REDES COLETORAS DE ÁGUAS PLUVIAIS, DIÂMETRO DE 600 MM, JUNTA RÍGIDA, INSTALADO EM LOCAL COM BAIXO NÍVEL DE INTERFERÊNCIAS - FORNECIMENTO E ASSENTAMENTO. AF_03/2024 | D11: 38236.89 | E11: 0.083908076 | F11: 0.41865602 | G11: A
B12: 4.1.4 | C12: CONSTRUÇÃO DE BASE E SUB-BASE PARA PAVIMENTAÇÃO DE BRITA GRADUADA SIMPLES, COM ESPESSURA DE 15 CM - EXCLUSIVE CARGA E TRANSPORTE. AF_09/2024 | D12: 36771.86 | E12: 0.080693174 | F12: 0.4993492 | G12: A
B13: 1.1.1 | C13: ADMINISTRAÇÃO LOCAL, CONSIDERANDO 4 MESES DE OBRA - UNIDADE REFERENTE A PORCENTAGEM DA OBRA EXECUTADA EM RELAÇÃO AO VALOR GLOBAL | D13: 36315.78 | E13: 0.07969234 | F13: 0.57904154 | G13: A
B14: 4.2.1 | C14: EXECUÇÃO DE PASSEIO EM PISO INTERTRAVADO, COM BLOCO RETANGULAR COR NATURAL DE 20 X 10 CM, ESPESSURA 6 CM. AF_10/2022 | D14: 29322.25 | E14: 0.064345546 | F14: 0.64338708 | G14: A
B15: 6.4.1 | C15: CAIXA PRE-MOLDADA PARA BOCA DE LOBO, EM CONCRETO ARMADO, COM FCK DE 25 MPA, COM GRELHA DE FERRO FUNDIDO | D15: 21582 | E15: 0.04736013 | F15: 0.69074721 | G15: A
B16: 7.2.4 | C16: TRANSPORTE COM CAMINHÃO BASCULANTE DE 6 M³, EM VIA URBANA PAVIMENTADA, DMT ATÉ 30 KM (UNIDADE: M3XKM). AF_02/2026 | D16: 21516.53 | E16: 0.047216461 | F16: 0.73796368 | G16: A
B17: 4.1.6 | C17: ASSENTAMENTO DE GUIA (MEIO-FIO) EM TRECHO RETO, CONFECCIONADA EM CONCRETO PRÉ-FABRICADO, DIMENSÕES 100X15X13X30 CM (COMPRIMENTO X BASE INFERIOR X BASE SUPERIOR X ALTURA). AF_01/2024 | D17: 16200.6 | E17: 0.035551039 | F17: 0.77351472 | G17: A
B18: 6.3.2 | C18: TUBO DE CONCRETO PARA REDES COLETORAS DE ESGOTO SANITÁRIO, DIÂMETRO DE 300 MM, JUNTA ELÁSTICA, INSTALADO EM LOCAL COM BAIXO NÍVEL DE INTERFERÊNCIAS - FORNECIMENTO E ASSENTAMENTO. AF_03/2024 | D18: 10014.26 | E18: 0.021975566 | F18: 0.79549028 | G18: A
B19: 4.2.2 | C19: ASSENTAMENTO DE GUIA (MEIO-FIO) EM TRECHO RETO, CONFECCIONADA EM CONCRETO PRÉ-FABRICADO, DIMENSÕES 100X15X13X30 CM (COMPRIMENTO X BASE INFERIOR X BASE SUPERIOR X ALTURA). AF_01/2024 | D19: 8221.2 | E19: 0.018040826 | F19: 0.81353111 | G19: B
B20: 7.2.2 | C20: EXECUÇÃO E COMPACTAÇÃO DE CORPO DE ATERRO DE ATERRO (95% DE ENERGIA DO PROCTOR NORMAL) COM SOLO PREDOMINANTEMENTE ARGILOSO, EM CAMADAS COM ESPESSURA DE 20 CM - EXCLUSIVE ESCAVAÇÃO, CARGA E TRANSPORTE E SOLO. AF_09/2024 | D20: 6304.87 | E20: 0.013835579 | F20: 0.82736669 | G20: B
... B57: 5.2.1 | C57: DISJUNTOR MONOPOLAR TIPO DIN, CORRENTE NOMINAL DE 40A - FORNECIMENTO E INSTALAÇÃO. AF_07/2025 | D57: 28.85 | E57: 6.3309228e-05 | F57: 1 | G57: C
B58: Total | D58: 455699.76 | E58: 1 | F58: - | G58: 49

Sheet BDI
B1: CÁLCULO BENEFÍCIOS E DESEPESAS INDIRETAS (BDI)
B3: EDITAL | C3: 0
B4: OBJETO | C4: VIA DE ACESSO À ESCOLA NESTOR MARGARIDA
B5: RAZÃO SOCIAL | C5: PREFEITURA MUNICIPAL DE TIMBÓ
B6: CNPJ | C6: 83.102.764/0001-15
B8: BDI 01
B9: TIPO DE OBRA:
B10: CONSTRUÇÃO DE PRAÇAS, RODOVIAS, FERROVIAS, RECAPEAMENTO E PAVIMENTAÇÃO
B11: DESCRIÇÃO | G11: ALíQUOTA
B12: Taxa de Administração Central (AC) | G12: 0.0401
B13: Taxa de Seguro e Garantia (S + G) | G13: 0.004
B14: Taxa de Risco (R) | G14: 0.0056
B15: Taxa de Despesas Financeiras (DF) | G15: 0.0111
B16: Taxa de Lucro/Remuneração (L) | G16: 0.073
B17: Taxa de Tributos (PIS, COFINS, ISS) (I) | G17: 0.0665
B18: PIS | G18: 0.0065
B19: COFINS | G19: 0.03
B20: ISS | G20: 0.03
B21: BENEFÍCIOS E DESPESAS INDIRETAS (BDI) 01 | G21: 0.22

Sheet ENCARGOS SOCIAIS
B1: ENCARGOS SOCIAIS
B3: EDITAL | C3: 0
B4: OBJETO | C4: VIA DE ACESSO À ESCOLA NESTOR MARGARIDA
B5: RAZÃO SOCIAL | C5: PREFEITURA MUNICIPAL DE TIMBÓ
B6: CNPJ | C6: 83.102.764/0001-15
B8: CÓDIGO | C8: DESCRIÇÃO | D8: COM DESONERAÇÃO | F8: SEM DESONERAÇÃO
D9: HORISTA (%) | E9: MENSALISTA (%) | F9: HORISTA (%) | G9: MENSALISTA (%)
B10: GRUPO A
B11: A1 | C11: INSS | D11: 0.1 | E11: 0.1 | F11: 0.2 | G11: 0.2
B12: A2 | C12: SESI | D12: 0.015 | E12: 0.015 | F12: 0.015 | G12: 0.015
B13: A3 | C13: SENAI | D13: 0.01 | E13: 0.01 | F13: 0.01 | G13: 0.01
B14: A4 | C14: INCRA | D14: 0.002 | E14: 0.002 | F14: 0.002 | G14: 0.002
B15: A5 | C15: SEBRAE | D15: 0.006 | E15: 0.006 | F15: 0.006 | G15: 0.006
B16: A6 | C16: Salário Educação | D16: 0.025 | E16: 0.025 | F16: 0.025 | G16: 0.025
B17: A7 | C17: Seguro Contra Acidentes de Trabalho | D17: 0.03 | E17: 0.03 | F17: 0.03 | G17: 0.03
B18: A8 | C18: FGTS | D18: 0.08 | E18: 0.08 | F18: 0.08 | G18: 0.08
B19: A9 | C19: SECONCI | D19: 0.01 | E19: 0.01 | F19: 0.01 | G19: 0.01
B20: A | C20: TOTAL | D20: 0.278 | E20: 0.278 | F20: 0.378 | G20: 0.378
B21: GRUPO B
B22: B1 | C22: Repouso Semanal Remunerado | D22: 0.1776 | E22: - | F22: 0.1776 | G22: -
B23: B2 | C23: Feriados | D23: 0.0367 | E23: - | F23: 0.0367 | G23: -
B24: B3 | C24: Auxílio - Enfermidade | D24: 0.0089 | E24: 0.0067 | F24: 0.0089 | G24: 0.0067
B25: B4 | C25: 13º Salário | D25: 0.111 | E25: 0.0832 | F25: 0.111 | G25: 0.0832
B26: B5 | C26: Licença Paternidade | D26: 0.0007 | E26: 0.0005 | F26: 0.0007 | G26: 0.0005
B27: B6 | C27: Faltas Justificadas | D27: 0.0074 | E27: 0.0056 | F27: 0.0074 | G27: 0.0056
B28: B7 | C28: Dias de Chuvas | D28: 0.0204 | E28: - | F28: 0.0204 | G28: -
B29: B8 | C29: Auxílio Acidente de Trabalho | D29: 0.0003 | E29: 0.0002 | F29: 0.0003 | G29: 0.0002
B30: B9 | C30: Férias Gozadas | D30: 0.1337 | E30: 0.1002 | F30: 0.1337 | G30: 0.1002
B31: B10 | C31: Salário Maternidade | D31: 0.0004 | E31: 0.0003 | F31: 0.0004 | G31: 0.0003
B32: B | C32: TOTAL | D32: 0.4971 | E32: 0.1967 | F32: 0.4971 | G32: 0.1967
B33: GRUPO C
B34: C1 | C34: Aviso Prévio Indenizado | D34: 0.0436 | E34: 0.0327 | F34: 0.0436 | G34: 0.0327
B35: C2 | C35: Aviso Prévio Trabalhado | D35: 0.0011 | E35: 0.0008 | F35: 0.0011 | G35: 0.0008
B36: C3 | C36: Férias Indenizadas | D36: 0.0109 | E36: 0.0082 | F36: 0.0109 | G36: 0.0082
B37: C4 | C37: Depósito Recisão Sem Justa Causa | D37: 0.0186 | E37: 0.0139 | F37: 0.0186 | G37: 0.0139
B38: C5 | C38: Indenização Adicional | D38: 0.0036 | E38: 0.0027 | F38: 0.0036 | G38: 0.0027
B39: C | C39: TOTAL | D39: 0.0778 | E39: 0.0583 | F39: 0.0778 | G39: 0.0583
B40: GRUPO D
B41: D1 | C41: Reincidência de Grupo A sobre Grupo B | D41: 0.1271 | E41: 0.0464 | F41: 0.1879 | G41: 0.0744
B42: D2 | C42: Reincidência de Grupo A sobre Aviso Prévio Trabalhado e Reincidência do FGTS sobre Aviso Prévio Indenizado | D42: 0.0038 | E42: 0.0028 | F42: 0.0039 | G42: 0.0029
B43: D | C43: TOTAL | D43: 0.1309 | E43: 0.0492 | F43: 0.1918 | G43: 0.0773
C45: TOTAL (A+B+C+D) | D45: 0.9838 | E45: 0.5822 | F45: 1.1447 | G45: 0.7103
B46: Conforme Referências para Custos Horários e Encargos: Sistema Nacional de Pesquisa de Custos e Índices da Construção Civil / Caixa Econômica Federal. – 8ª Ed. – Brasília: CAIXA, 2026, apêndice 24, p.106

Sheet COMPOSIÇÕES
A1: COMPOSIÇÕES DE PREÇOS UNITÁRIOS
A3: COMPOSIÇÃO | B3: 1 | C3: CABO DE ALUMINIO MULTIPLEXADO (DUPLEX), 10 MM², 0,6/1,0 KV, PARA REDE AÉREA DE DISTRIBUIÇÃO DE ENERGIA ELÉTRICA - FORNECIMENTO E INSTALAÇÃO. | D3: M | G3: 4.16
A4: OBS: | B4: REFERENCIA SINAPI 101560
A5: REFERÊNCIA | B5: CÓDIGO | C5: DESCRIÇÃO | D5: UND | E5: QUANT | F5: CUSTO UNITÁRIO | G5: CUSTO TOTAL
A6: SINAPI-C | B6: 88264 | C6: ELETRICISTA COM ENCARGOS COMPLEMENTARES | D6: H | E6: 0.0026 | F6: 46.65 | G6: 0.12
A7: SINAPI-C | B7: 88247 | C7: AUXILIAR DE ELETRICISTA COM ENCARGOS COMPLEMENTARES | D7: H | E7: 0.0005 | F7: 30.79 | G7: 0.01
A8: COTAÇÃO | B8: 1 | C8: Cabo de Alumínio multiplexado (Duplex), isolado 0,6/1kV, 1x1x10+10mm² (FRETE INCLUSO) | D8: M | E8: 1.0401 | F8: 3.88 | G8: 4.03
A13: COMPOSIÇÃO | B13: 2 | C13: EXECUÇÃO DE CAMADA DE ASSENTAMENTO DE PEDRISCO E=8CM. INCLUSO TRANSPORTE, CARGA, MANOBRA E DESCARGA | D13: UND | G13: 18.04
A14: OBS:
A15: REFERÊNCIA | B15: CÓDIGO | C15: DESCRIÇÃO | D15: UND | E15: QUANT | F15: CUSTO UNITÁRIO | G15: CUSTO TOTAL
A16: SINAPI-C | B16: 100978 | C16: CARGA, MANOBRA E DESCARGA DE SOLOS E MATERIAIS GRANULARES EM CAMINHÃO BASCULANTE 10 M³ - CARGA COM ESCAVADEIRA HIDRÁULICA (CAÇAMBA DE 1,20 M³ / 155 HP) E DESCARGA LIVRE (UNIDADE: M3). AF_02/2026 | D16: M3 | E16: 0.1 | F16: 7.69 | G16: 0.76
A17: SINAPI-C | B17: 95875 | C17: TRANSPORTE COM CAMINHÃO BASCULANTE DE 10 M³, EM VIA URBANA PAVIMENTADA, DMT ATÉ 30 KM (UNIDADE: M3XKM). AF_02/2026 | D17: M3XKM | E17: 2 | F17: 2.9 | G17: 5.8
A18: SINAPI-I | B18: 4720 | C18: PEDRA BRITADA N. 0, OU PEDRISCO (4,8 A 9,5 MM) POSTO PEDREIRA/FORNECEDOR, SEM FRETE | D18: M3 | E18: 0.08 | F18: 143.56 | G18: 11.48
A21: COMPOSIÇÃO | B21: 3 | C21: ADMINISTRAÇÃO LOCAL, CONSIDERANDO 4 MESES DE OBRA - UNIDADE REFERENTE A PORCENTAGEM DA OBRA EXECUTADA EM RELAÇÃO AO VALOR GLOBAL | D21: % | G21: 29767.04
A22: OBS: | I22: MESES/OBRA | K22: 4
A23: REFERÊNCIA | B23: CÓDIGO | C23: DESCRIÇÃO | D23: UND | E23: QUANT | F23: CUSTO UNITÁRIO | G23: CUSTO TOTAL | I23: HRS/DIA | J23: DIAS/SEMANA | K23: HRS/SEMANA | L23: MESES/OBRA | M23: SEMANAS/MÊS | N23: SEMANAS TOT | O23: HRS TOT
A24: SINAPI-C | B24: 90777 | C24: ENGENHEIRO CIVIL DE OBRA JUNIOR COM ENCARGOS COMPLEMENTARES | D24: H | E24: 80 | F24: 139.05 | G24: 11124 | I24: 1 | J24: 5 | K24: 5 | L24: 4 | M24: 4 | N24: 16 | O24: 80
A25: SINAPI-C | B25: 90779 | C25: ENGENHEIRO CIVIL DE OBRA SENIOR COM ENCARGOS COMPLEMENTARES | D25: H | E25: 16 | F25: 158.69 | G25: 2539.04 | I25: 1 | J25: 1 | K25: 1 | L25: 4 | M25: 4 | N25: 16 | O25: 16
A26: SINAPI-C | B26: 90776 | C26: ENCARREGADO GERAL COM ENCARGOS COMPLEMENTARES | D26: H | E26: 400 | F26: 40.26 | G26: 16104 | I26: 5 | J26: 5 | K26: 25 | L26: 4 | M26: 4 | N26: 16 | O26: 400
A29: COMPOSIÇÃO | B29: 4 | C29: MOBILIZAÇÃO E DESMOBILIZAÇÃO | D29: UND | G29: 1956.42
A30: OBS:
A31: REFERÊNCIA | B31: CÓDIGO | C31: DESCRIÇÃO | D31: UND | E31: QUANT | F31: CUSTO UNITÁRIO | G31: CUSTO TOTAL
A32: SICRO | B32: E9506 | C32: Caminhão basculante com capacidade de 6 m³ - 136 kW | D32: H | E32: 2 | F32: 216.7578 | G32: 433.51
A33: SICRO | B33: E9684 | C33: Veículo leve picape média 4 x 4 com cabine dupla com capacidade de 1,10 t - 152,25 kW | D33: H | E33: 2 | F33: 120.5798 | G33: 241.15
A34: SICRO | B34: E9665 | C34: Cavalo mecânico com semirreboque com capacidade de 20 t - 276 kW | D34: H | E34: 2 | F34: 467.1786 | G34: 934.35
A35: SICRO | B35: E9526 | C35: Retroescavadeira de pneus - capacidade da caçamba da pá-carregadeira de 0,76 m³ e da retroescavadeira de 0,29 m³ - 58 kW | D35: H | E35: 2 | F35: 173.7092 | G35: 347.41
A38: SINAPI | B38: 101550 | C38: CONECTOR PERFURANTE, PARA REDES AÉREAS DE DISTRIBUIÇÃO DE ENERGIA ELÉTRICA DE BAIXA TENSÃO - FORNECIMENTO E INSTALAÇÃO. | D38: UND | G38: 18.8
A39: OBS:
A40: REFERÊNCIA | B40: CÓDIGO | C40: DESCRIÇÃO | D40: UND | E40: QUANT | F40: CUSTO UNITÁRIO | G40: CUSTO TOTAL
A41: SINAPI-C | B41: 88247 | C41: AUXILIAR DE ELETRICISTA COM ENCARGOS COMPLEMENTARES | D41: H | E41: 0.0132986 | F41: 30.79 | G41: 0.4
A42: SINAPI-C | B42: 88264 | C42: ELETRICISTA COM ENCARGOS COMPLEMENTARES | D42: H | E42: 0.1197 | F42: 46.65 | G42: 5.58
A43: COTAÇÃO | B43: 2 | C43: Conector de derivação perfurante (piercing) CDP 70 10-95mm²/ 1,5 - 10mm² (FRETE INCLUSO) | D43: UND | E43: 1 | F43: 12.82 | G43: 12.82
A46: COMPOSIÇÃO | B46: 5 | C46: PLACA DE ADVERTÊNCIA EM AÇO, LADO DE 0,60 M - PELÍCULA RETRORREFLETIVA TIPO I + SI, INCLUSO SUPORTE METÁLICO GALVANIZADO | D46: UND | G46: 780.65
A47: OBS:
A48: REFERÊNCIA | B48: CÓDIGO | C48: DESCRIÇÃO | D48: UND | E48: QUANT | F48: CUSTO UNITÁRIO | G48: CUSTO TOTAL
A49: SICRO | B49: 5213464 | C49: Placa de advertência em aço, lado de 0,60 m - película retrorrefletiva tipo I + SI - fornecimento e implantação | D49: un | E49: 1 | F49: 285.42 | G49: 285.42
A50: SICRO | B50: 5213863 | C50: Suporte metálico galvanizado para placa de advertência ou regulamentação - lado ou diâmetro de 0,60 m - fornecimento e implantação | D50: un | E50: 1 | F50: 495.23 | G50: 495.23
A53: COMPOSIÇÃO | B53: 6 | C53: PLACA DE REGULAMENTAÇÃO EM AÇO D = 0,60 M - PELÍCULA RETRORREFLETIVA TIPO I + SI, INCLUSO SUPORTE METÁLICO GALVANIZADO | D53: UND | G53: 780.62
A54: OBS:
A55: REFERÊNCIA | B55: CÓDIGO | C55: DESCRIÇÃO | D55: UND | E55: QUANT | F55: CUSTO UNITÁRIO | G55: CUSTO TOTAL
A56: SICRO | B56: 5213440 | C56: Placa de regulamentação em aço D = 0,60 m - película retrorrefletiva tipo I + SI - fornecimento e implantação | D56: un | E56: 1 | F56: 285.39 | G56: 285.39
A57: SICRO | B57: 5213863 | C57: Suporte metálico galvanizado para placa de advertência ou regulamentação - lado ou diâmetro de 0,60 m - fornecimento e implantação | D57: un | E57: 1 | F57: 495.23 | G57: 495.23
A61: COMPOSIÇÃO | B61: 7 | C61: CAIXA PRE-MOLDADA PARA BOCA DE LOBO, EM CONCRETO ARMADO, COM FCK DE 25 MPA, COM GRELHA DE FERRO FUNDIDO | D61: UND | G61: 1769.02
A62: OBS: | B62: Referência SINAPI 97935
A63: REFERÊNCIA | B63: CÓDIGO | C63: DESCRIÇÃO | D63: UND | E63: QUANT | F63: CUSTO UNITÁRIO | G63: CUSTO TOTAL
A64: SINAPI-C | B64: 101622 | C64: PREPARO DE FUNDO DE VALA COM LARGURA MENOR QUE 1,5 M, COM CAMADA DE AREIA, LANÇAMENTO MECANIZADO. AF_01/2026 | D64: M3 | E64: 0.0585 | F64: 326.37 | G64: 19.09
A65: SINAPI-C | B65: 88628 | C65: ARGAMASSA TRAÇO 1:3 (EM VOLUME DE CIMENTO E AREIA MÉDIA ÚMIDA), PREPARO MECÂNICO COM BETONEIRA 400 L. AF_08/2019 | D65: M3 | E65: 0.0215 | F65: 723.49 | G65: 15.55
A66: SINAPI-C | B66: 88316 | C66: SERVENTE COM ENCARGOS COMPLEMENTARES | D66: H | E66: 1.3388 | F66: 28.04 | G66: 37.53
A67: SINAPI-C | B67: 88309 | C67: PEDREIRO COM ENCARGOS COMPLEMENTARES | D67: H | E67: 1.704 | F67: 38.1 | G67: 64.92
A68: SINAPI-C | B68: 87316 | C68: ARGAMASSA TRAÇO 1:4 (EM VOLUME DE CIMENTO E AREIA GROSSA ÚMIDA) PARA CHAPISCO CONVENCIONAL, PREPARO MECÂNICO COM BETONEIRA 400 L. AF_08/2019 | D68: M3 | E68: 0.004 | F68: 638.55 | G68: 2.55
A69: SINAPI-I | B69: 43439 | C69: CAIXA PRE-MOLDADA PARA BOCA DE LOBO, EM CONCRETO ARMADO, COM FCK DE 25 MPA, COM DIMENSOES 1,10 X 0,65 X 1,00 M (COMPRIMENTO X LARGURA X ALTURA) | D69: UN | E69: 1 | F69: 632.94 | G69: 632.94
A70: SINAPI-I | B70: 43386 | C70: MEIO-FIO OU GUIA DE CONCRETO PRE-MOLDADO, TIPO CHAPEU PARA BOCA DE LOBO, DIMENSOES *1,20* X 0,15 X 0,30 M | D70: UN | E70: 1 | F70: 44.95 | G70: 44.95
A71: SINAPI-I | B71: 7258 | C71: TIJOLO CERAMICO MACICO COMUM DE *5 X 10 X 20* CM (L X A X C) | D71: UN | E71: 44.1 | F71: 0.79 | G71: 34.83
A72: SINAPI-C | B72: 5679 | C72: RETROESCAVADEIRA SOBRE RODAS COM CARREGADEIRA, TRAÇÃO 4X4, POTÊNCIA LÍQ. 88 HP, CAÇAMBA CARREG. CAP. MÍN. 1 M3, CAÇAMBA RETRO CAP. 0,26 M3, PESO OPERACIONAL MÍN. 6.674 KG, PROFUNDIDADE ESCAVAÇÃO MÁX. 4,37 M - CHI DIURNO. AF_06/2014 | D72: CHI | E72: 0.3194 | F72: 71.44 | G72: 22.81
A73: SINAPI-C | B73: 5678 | C73: RETROESCAVADEIRA SOBRE RODAS COM CARREGADEIRA, TRAÇÃO 4X4, POTÊNCIA LÍQ. 88 HP, CAÇAMBA CARREG. CAP. MÍN. 1 M3, CAÇAMBA RETRO CAP. 0,26 M3, PESO OPERACIONAL MÍN. 6.674 KG, PROFUNDIDADE ESCAVAÇÃO MÁX. 4,37 M - CHP DIURNO. AF_06/2014 | D73: CHP | E73: 0.1567 | F73: 159.82 | G73: 25.04
A74: SINAPI-C | B74: 103003 | C74: GRELHA DE FERRO FUNDIDO SIMPLES COM REQUADRO, 300 X 1000 MM, ASSENTADA COM ARGAMASSA 1 : 3 CIMENTO: AREIA - FORNECIMENTO E INSTALAÇÃO. AF_05/2025 | D74: UN | E74: 2.38 | F74: 365.05 | G74: 868.81

Sheet PESQUISA
A1: FORMULÁRIO DE PESQUISA DE PREÇO
A3: 1. DESCRIÇÃO DO OBJETO
A4: Cabo de Alumínio multiplexado (Duplex), isolado 0,6/1kV, 1x1x10+10mm² (FRETE INCLUSO)
A6: 2. PERÍODO DA PESQUISA
A7: 46217
A9: 3. METODOLOGIA APLICADA
A10: Mediana de valores
A12: 4. FONTE DE PESQUINA
A13: Foi realizada a pesquisa de preços utilizando os seguintes parâmetros, observado o art. 31 do Decreto nº 6.770/2023
A15: IV - pesquisa com os fornecedores, desde que as datas das pesquisas não se diferenciem em mais de 6 (seis) meses.
A16: Site | B16: UND | C16: QNT | D16: FORNECEDOR (NOME/CNPJ) | E16: DATA | F16: Preço Unitario
A17: www.plenobras.com.br | B17: m | C17: 170 | D17: PLENOBRAS DISTRIBUIDORA ELETRICA E HIDRAULICA LTDA (72.313.828/0001-00) | E17: 46217 | F17: 809.2
A18: www.lojaeletrica.com.br | B18: m | C18: 170 | D18: Loja Eletrica LTDA (17.155.342/0011-55) | E18: 46217 | F18: 547.4
A19: www.alvesemachado.com.br | B19: m | C19: 170 | D19: Alves & Machado Importação e Exportação LTDA (40.272.909/0001-13) | E19: 46217 | F19: 659.74
A21: 5. ANALISE DA PESQUISA
A22: Após análise detalhada dos preços obtidos, eliminadas as discrepâncias, tendo sido priorizado o inciso IV e como fonte de consulta chegou-se ao:
A23: PREÇO DE REFERÊNCIA | F23: 3.88
A24: UNIDADE | F24: M
A102: 1. DESCRIÇÃO DO OBJETO
A103: Conector de derivação perfurante (piercing) CDP 70 10-95mm²/ 1,5 - 10mm² (FRETE INCLUSO)
A105: 2. PERÍODO DA PESQUISA
A106: 46219
A108: 3. METODOLOGIA APLICADA
A109: Mediana de valores
A111: 4. FONTE DE PESQUINA
A112: Foi realizada a pesquisa de preços utilizando os seguintes parâmetros, observado o art. 31 do Decreto nº 6.770/2023
A114: IV - pesquisa com os fornecedores, desde que as datas das pesquisas não se diferenciem em mais de 6 (seis) meses.
A115: Site | B115: UND | C115: QNT | D115: FORNECEDOR (NOME/CNPJ) | E115: DATA | F115: Preço Unitario
A116: www.anhangueraferramentas.com.br | B116: und | C116: 12 | D116: Anhanguera Comércio de Ferramentas Ltda (00.565.813/0001-29) | E116: 46219 | F116: 117.94
A117: www.marmota.com.br | B117: und | C117: 12 | D117: Elétrica Marmota LTDA (63.010.185/0001-35) | E117: 46219 | F117: 171.9
A118: www.andra.com.br | B118: und | C118: 12 | D118: Andra S a Electric Solutions (47.674.429/0003-90) | E118: 46219 | F118: 153.85
A120: 5. ANALISE DA PESQUISA
A121: Após análise detalhada dos preços obtidos, eliminadas as discrepâncias, tendo sido priorizado o inciso IV e como fonte de consulta chegou-se ao:
A122: PREÇO DE REFERÊNCIA | F122: 12.82
A123: UNIDADE | F123: UND
A224: 46226

Sheet REF
A1: REFERÊNCIAS
A2: Mês de Referência: | B2: 06/2026 | D2: Acessar Fichas de Especificação Técnico dos Insumos
A3: Data de emissão: | B3: 10/07/2026 | D3: Somente adicionar itens novos, não alterar itens do SINAPI
A4: FLORIANÓPOLIS | B4: SEM DESONERAÇÃO
E5: SC
A6: FONTE | B6: GRUPO | C6: CÓDIGO | D6: DESCRIÇÃO | E6: UND | F6: CUSTO
A7: SINAPI-C | B7: Acessibilidade | C7: 104658 | D7: PISO PODOTÁTIL DE ALERTA OU DIRECIONAL, DE CONCRETO, ASSENTADO SOBRE ARGAMASSA. AF_03/2024 | E7: M2 | F7: 161.1
A8: SINAPI-C | B8: Acessibilidade | C8: 105002 | D8: RAMPA DE ACESSIBILIDADE EM CONCRETO MOLDADO IN LOCO, EM CALÇADA NOVA COM LARGURA MAIOR OU IGUAL À 3,00 M, FCK 25MPA, COM PISO PODOTÁTIL. AF_03/2024 | E8: UN | F8: 864.84
A9: SINAPI-C | B9: Acessibilidade | C9: 105004 | D9: RAMPA DE ACESSIBILIDADE EM CONCRETO MOLDADO IN LOCO, EM CALÇADA NOVA COM LARGURA MENOR À 3,00 M, FCK 25MPA, COM PISO PODOTÁTIL. AF_03/2024 | E9: M2 | F9: 149.26
A10: SINAPI-C | B10: Acessibilidade | C10: 105003 | D10: RAMPA DE ACESSIBILIDADE EM CONCRETO MOLDADO IN LOCO, EM CALÇADA PRÉ EXISTENTE COM LARGURA MAIOR OU IGUAL À 3,00 M, FCK 25MPA, COM PISO PODOTÁTIL. AF_03/2024 | E10: UN | F10: 1388.48
A11: SINAPI-C | B11: Acessibilidade | C11: 105005 | D11: RAMPA DE ACESSIBILIDADE EM CONCRETO MOLDADO IN LOCO, EM CALÇADA PRÉ EXISTENTE COM LARGURA MENOR À 3,00 M, FCK 25MPA, COM PISO PODOTÁTIL. AF_03/2024 | E11: M2 | F11: 246.23
A12: SINAPI-C | B12: Acessibilidade | C12: 105006 | D12: RAMPA DE ACESSIBILIDADE EM CONCRETO PRÉ MOLDADO, EM CALÇADA NOVA COM LARGURA MAIOR OU IGUAL À 3,00 M, FCK 25MPA, COM PISO PODOTÁTIL. AF_03/2024 | E12: UN | F12: 0
A13: SINAPI-C | B13: Acessibilidade | C13: 104999 | D13: RAMPA DE ACESSIBILIDADE EM CONCRETO PRÉ MOLDADO, EM CALÇADA PRÉ EXISTENTE COM LARGURA MAIOR OU IGUAL À 3,00 M, FCK 25MPA, COM PISO PODOTÁTIL. AF_03/2024 | E13: UN | F13: 0
A14: SINAPI-C | B14: Acessibilidade | C14: 105000 | D14: RAMPA DE ACESSIBILIDADE PARA ACESSO A EDIFICAÇÕES COM INCLINAÇÃO DE 8,33% EM CONCRETO MOLDADO IN LOCO, COM LARGURA DE 1,20M, FCK 25MPA, NÃO ARMADA, COM JUNTA A CADA 2M COM CORTE À SECO. AF_03/2024 | E14: M | F14: 1346.12
A15: SINAPI-C | B15: Acessibilidade | C15: 105001 | D15: RAMPA DE ACESSIBILIDADE PARA ACESSO A EDIFICAÇÕES COM INCLINAÇÃO DE 8,33% EM CONCRETO MOLDADO IN LOCO, COM LARGURA DE 1,50M, FCK 25MPA, NÃO ARMADA, COM JUNTA A CADA 2M COM CORTE À SECO. AF_03/2024 | E15: M | F15: 1384.68
A16: SINAPI-C | B16: Alvenaria Estrutural - Blocos Cerâmicos | C16: 89306 | D16: ALVENARIA ESTRUTURAL DE BLOCOS CERÂMICOS 14X19X29, (ESPESSURA DE 14 CM), UTILIZANDO COLHER DE PEDREIRO E ARGAMASSA DE ASSENTAMENTO COM PREPARO EM BETONEIRA. AF_03/2023 | E16: M2 | F16: 127.65
A17: SINAPI-C | B17: Alvenaria Estrutural - Blocos Cerâmicos | C17: 89307 | D17: ALVENARIA ESTRUTURAL DE BLOCOS CERÂMICOS 14X19X29, (ESPESSURA DE 14 CM), UTILIZANDO COLHER DE PEDREIRO E ARGAMASSA DE ASSENTAMENTO COM PREPARO MANUAL. AF_03/2023 | E17: M2 | F17: 129.84
A18: SINAPI-C | B18: Alvenaria Estrutural - Blocos Cerâmicos | C18: 89290 | D18: ALVENARIA ESTRUTURAL DE BLOCOS CERÂMICOS 14X19X29, (ESPESSURA DE 14 CM), UTILIZANDO PALHETA E ARGAMASSA DE ASSENTAMENTO COM PREPARO EM BETONEIRA. AF_03/2023 | E18: M2 | F18: 106.38
... A5081: SINAPI-C | B5081: Instalações Elétricas - Rede de Distribuição | C5081: 101552 | D5081: CONECTOR H, PARA REDES AÉREAS DE DISTRIBUIÇÃO DE ENERGIA ELÉTRICA DE BAIXA TENSÃO - FORNECIMENTO E INSTALAÇÃO. AF_12/2025 | E5081: UN | F5081: 0
A5082: SINAPI-C | B5082: Instalações Elétricas - Rede de Distribuição | C5082: 101550 | D5082: CONECTOR PERFURANTE, PARA REDES AÉREAS DE DISTRIBUIÇÃO DE ENERGIA ELÉTRICA DE BAIXA TENSÃO - FORNECIMENTO E INSTALAÇÃO. AF_12/2025 | E5082: UN | F5082: =COMPOSIÇÕES!G38 -> 18.8
A5083: SINAPI-C | B5083: Instalações Elétricas - Rede de Distribuição | C5083: 101501 | D5083: ENTRADA DE ENERGIA ELÉTRICA, AÉREA, BIFÁSICA, COM CAIXA DE EMBUTIR, CABO DE 10 MM2 E DISJUNTOR DIN 50A (NÃO INCLUSO O POSTE DE CONCRETO). AF_12/2025 | E5083: UN | F5083: 2230.79
A5084: SINAPI-C | B5084: Instalações Elétricas - Rede de Distribuição | C5084: 101502 | D5084: ENTRADA DE ENERGIA ELÉTRICA, AÉREA, BIFÁSICA, COM CAIXA DE EMBUTIR, CABO DE 16 MM2 E DISJUNTOR DIN 50A (NÃO INCLUSO O POSTE DE CONCRETO). AF_12/2025 | E5084: UN | F5084: 2425.59
A5085: SINAPI-C | B5085: Instalações Elétricas - Rede de Distribuição | C5085: 101503 | D5085: ENTRADA DE ENERGIA ELÉTRICA, AÉREA, BIFÁSICA, COM CAIXA DE EMBUTIR, CABO DE 25 MM2 E DISJUNTOR DIN 50A (NÃO INCLUSO O POSTE DE CONCRETO). AF_12/2025 | E5085: UN | F5085: 2461.22
A5086: SINAPI-C | B5086: Instalações Elétricas - Rede de Distribuição | C5086: 101504 | D5086: ENTRADA DE ENERGIA ELÉTRICA, AÉREA, BIFÁSICA, COM CAIXA DE EMBUTIR, CABO DE 35 MM2 E DISJUNTOR DIN 50A (NÃO INCLUSO O POSTE DE CONCRETO). AF_12/2025 | E5086: UN | F5086: 2712.76
A5087: SINAPI-C | B5087: Instalações Elétricas - Rede de Distribuição | C5087: 101497 | D5087: ENTRADA DE ENERGIA ELÉTRICA, AÉREA, BIFÁSICA, COM CAIXA DE SOBREPOR, CABO DE 10 MM2 E DISJUNTOR DIN 50A (NÃO INCLUSO O POSTE DE CONCRETO). AF_12/2025 | E5087: UN | F5087: 2246.12
A5088: SINAPI-C | B5088: Instalações Elétricas - Rede de Distribuição | C5088: 101498 | D5088: ENTRADA DE ENERGIA ELÉTRICA, AÉREA, BIFÁSICA, COM CAIXA DE SOBREPOR, CABO DE 16 MM2 E DISJUNTOR DIN 50A (NÃO INCLUSO O POSTE DE CONCRETO). AF_12/2025 | E5088: UN | F5088: 2440.92
A5089: SINAPI-C | B5089: Instalações Elétricas - Rede de Distribuição | C5089: 101499 | D5089: ENTRADA DE ENERGIA ELÉTRICA, AÉREA, BIFÁSICA, COM CAIXA DE SOBREPOR, CABO DE 25 MM2 E DISJUNTOR DIN 50A (NÃO INCLUSO O POSTE DE CONCRETO). AF_12/2025 | E5089: UN | F5089: 2476.55
A5090: SINAPI-C | B5090: Instalações Elétricas - Rede de Distribuição | C5090: 101500 | D5090: ENTRADA DE ENERGIA ELÉTRICA, AÉREA, BIFÁSICA, COM CAIXA DE SOBREPOR, CABO DE 35 MM2 E DISJUNTOR DIN 50A (NÃO INCLUSO O POSTE DE CONCRETO). AF_12/2025 | E5090: UN | F5090: 2728.09
A5091: SINAPI-C | B5091: Instalações Elétricas - Rede de Distribuição | C5091: 101493 | D5091: ENTRADA DE ENERGIA ELÉTRICA, AÉREA, MONOFÁSICA, COM CAIXA DE EMBUTIR, CABO DE 10 MM2 E DISJUNTOR DIN 50A (NÃO INCLUSO O POSTE DE CONCRETO). AF_12/2025 | E5091: UN | F5091: 1885.34
A5092: SINAPI-C | B5092: Instalações Elétricas - Rede de Distribuição | C5092: 101494 | D5092: ENTRADA DE ENERGIA ELÉTRICA, AÉREA, MONOFÁSICA, COM CAIXA DE EMBUTIR, CABO DE 16 MM2 E DISJUNTOR DIN 50A (NÃO INCLUSO O POSTE DE CONCRETO). AF_12/2025 | E5092: UN | F5092: 2014.04
A5093: SINAPI-C | B5093: Instalações Elétricas - Rede de Distribuição | C5093: 101495 | D5093: ENTRADA DE ENERGIA ELÉTRICA, AÉREA, MONOFÁSICA, COM CAIXA DE EMBUTIR, CABO DE 25 MM2 E DISJUNTOR DIN 50A (NÃO INCLUSO O POSTE DE CONCRETO). AF_12/2025 | E5093: UN | F5093: 2037.58
A5094: SINAPI-C | B5094: Instalações Elétricas - Rede de Distribuição | C5094: 101496 | D5094: ENTRADA DE ENERGIA ELÉTRICA, AÉREA, MONOFÁSICA, COM CAIXA DE EMBUTIR, CABO DE 35 MM2 E DISJUNTOR DIN 50A (NÃO INCLUSO O POSTE DE CONCRETO). AF_12/2025 | E5094: UN | F5094: 2215.61
... A10505: SINAPI-I | B10505: MATERIAL | C10505: 36246 | D10505: ACABAMENTO SIMPLES/CONVENCIONAL PARA FORRO PVC, TIPO "U" OU "C", COR BRANCA, COMPRIMENTO 6 M | E10505: M | F10505: 4.33
A10506: SINAPI-I | B10506: MATERIAL | C10506: 37600 | D10506: ACESSORIO DE LIGACAO NAO ELETRICO PARA CARGAS EXPLOSIVAS, TUBO DE 6 M | E10506: UN
A10507: SINAPI-I | B10507: MATERIAL | C10507: 37599 | D10507: ACESSORIO INICIADOR NAO ELETRICO, TUBO DE 6 M, TEMPO DE RETARDO DE *160* MS | E10507: UN
A10508: SINAPI-I | B10508: MATERIAL | C10508: 1 | D10508: ACETILENO - RECARGA DE GAS PARA CILINDRO (NAO INCLUI TROCA/MANUTENCAO DO CILINDRO) | E10508: KG
A10509: SINAPI-I | B10509: MATERIAL | C10509: 3 | D10509: ACIDO CLORIDRICO / ACIDO MURIATICO, DILUICAO 10% A 12% PARA USO EM LIMPEZA | E10509: L | F10509: 19.13
A10510: SINAPI-I | B10510: MATERIAL | C10510: 43054 | D10510: ACO CA-25, 10,0 MM, OU 12,5 MM, OU 16,0 MM, OU 20,0 MM, OU 25,0 MM, VERGALHAO | E10510: KG | F10510: 7.97
A10511: SINAPI-I | B10511: MATERIAL | C10511: 42402 | D10511: ACO CA-25, 16,0 MM, BARRA DE TRANSFERENCIA | E10511: KG | F10511: 7.62
A10512: SINAPI-I | B10512: MATERIAL | C10512: 42403 | D10512: ACO CA-25, 20,0 MM, BARRA DE TRANSFERENCIA | E10512: KG | F10512: 9.78
A10513: SINAPI-I | B10513: MATERIAL | C10513: 42404 | D10513: ACO CA-25, 25,0 MM, BARRA DE TRANSFERENCIA | E10513: KG | F10513: 9.72
A10514: SINAPI-I | B10514: MATERIAL | C10514: 42405 | D10514: ACO CA-25, 32,0 MM, BARRA DE TRANSFERENCIA | E10514: KG | F10514: 10.36
A10515: SINAPI-I | B10515: MATERIAL | C10515: 34341 | D10515: ACO CA-25, 32,0 MM, VERGALHAO | E10515: KG | F10515: 8.99
A10516: SINAPI-I | B10516: MATERIAL | C10516: 43053 | D10516: ACO CA-25, 6,3 MM OU 8,0 MM, VERGALHAO | E10516: KG | F10516: 7.12
A10517: SINAPI-I | B10517: MATERIAL | C10517: 43058 | D10517: ACO CA-50, 10,0 MM, OU 12,5 MM, OU 16,0 MM, OU 20,0 MM, DOBRADO E CORTADO | E10517: KG | F10517: 7.38
A10518: SINAPI-I | B10518: MATERIAL | C10518: 34 | D10518: ACO CA-50, 10,0 MM, VERGALHAO | E10518: KG | F10518: 7.42
A10519: SINAPI-I | B10519: MATERIAL | C10519: 43055 | D10519: ACO CA-50, 12,5 MM OU 16,0 MM, VERGALHAO | E10519: KG | F10519: 6.43
A10520: SINAPI-I | B10520: MATERIAL | C10520: 43056 | D10520: ACO CA-50, 20,0 MM OU 25,0 MM, VERGALHAO | E10520: KG | F10520: 7.41
... A10528: SINAPI-I | B10528: MATERIAL | C10528: 43060 | D10528: ACO CA-60, 8,0 MM OU 9,5 MM, VERGALHAO | E10528: KG | F10528: 6.12
A10529: SINAPI-I | B10529: MATERIAL | C10529: 40410 | D10529: ACOPLAMENTO RIGIDO EM FERRO FUNDIDO PARA SISTEMA DE TUBULACAO RANHURADA, DN 50 MM (2") | E10529: UN
A10530: SINAPI-I | B10530: MATERIAL | C10530: 40411 | D10530: ACOPLAMENTO RIGIDO EM FERRO FUNDIDO PARA SISTEMA DE TUBULACAO RANHURADA, DN 65 MM (2 1/2") | E10530: UN
A10531: SINAPI-I | B10531: MATERIAL | C10531: 40412 | D10531: ACOPLAMENTO RIGIDO EM FERRO FUNDIDO PARA SISTEMA DE TUBULACAO RANHURADA, DN 80 MM (3") | E10531: UN
A10532: SINAPI-I | B10532: MATERIAL | C10532: 44254 | D10532: ADAPTADOR CPVC, ROSCAVEL, COM FLANGES E ANEL DE VEDACAO, 15 MM, CAIXA D'AGUA PARA AGUA QUENTE | E10532: UN | F10532: 33.33
A10533: SINAPI-I | B10533: MATERIAL | C10533: 44255 | D10533: ADAPTADOR CPVC, ROSCAVEL, COM FLANGES E ANEL DE VEDACAO, 22 MM, CAIXA D'AGUA PARA AGUA QUENTE | E10533: UN | F10533: 36.94
A10534: SINAPI-I | B10534: MATERIAL | C10534: 44256 | D10534: ADAPTADOR CPVC, ROSCAVEL, COM FLANGES E ANEL DE VEDACAO, 28 MM, CAIXA D'AGUA PARA AGUA QUENTE | E10534: UN | F10534: 41.72
A10535: SINAPI-I | B10535: MATERIAL | C10535: 44257 | D10535: ADAPTADOR CPVC, ROSCAVEL, COM FLANGES E ANEL DE VEDACAO, 35 MM, CAIXA D'AGUA PARA AGUA QUENTE | E10535: UN | F10535: 66
A10536: SINAPI-I | B10536: MATERIAL | C10536: 44258 | D10536: ADAPTADOR CPVC, ROSCAVEL, COM FLANGES E ANEL DE VEDACAO, 42 MM, CAIXA D'AGUA PARA AGUA QUENTE | E10536: UN | F10536: 75.43
A10537: SINAPI-I | B10537: MATERIAL | C10537: 44259 | D10537: ADAPTADOR CPVC, ROSCAVEL, COM FLANGES E ANEL DE VEDACAO, 54 MM, CAIXA D'AGUA PARA AGUA QUENTE | E10537: UN | F10537: 103.54
A10538: SINAPI-I | B10538: MATERIAL | C10538: 37997 | D10538: ADAPTADOR CPVC, SOLDAVEL, 15 MM, PARA AGUA QUENTE | E10538: UN | F10538: 19.86
A10539: SINAPI-I | B10539: MATERIAL | C10539: 37998 | D10539: ADAPTADOR CPVC, SOLDAVEL, 22 MM, PARA AGUA QUENTE | E10539: UN | F10539: 26.58
A10540: SINAPI-I | B10540: MATERIAL | C10540: 55 | D10540: ADAPTADOR DE COMPRESSAO EM POLIPROPILENO (PP), PARA TUBO EM PEAD, 20 MM X 1/2", PARA LIGACAO PREDIAL DE AGUA (NTS 179) | E10540: UN
A10541: SINAPI-I | B10541: MATERIAL | C10541: 61 | D10541: ADAPTADOR DE COMPRESSAO EM POLIPROPILENO (PP), PARA TUBO EM PEAD, 20 MM X 3/4", PARA LIGACAO PREDIAL DE AGUA (NTS 179) | E10541: UN
A10542: SINAPI-I | B10542: MATERIAL | C10542: 62 | D10542: ADAPTADOR DE COMPRESSAO EM POLIPROPILENO (PP), PARA TUBO EM PEAD, 32 MM X 1", PARA LIGACAO PREDIAL DE AGUA (NTS 179) | E10542: UN
A10543: SINAPI-I | B10543: MATERIAL | C10543: 10899 | D10543: ADAPTADOR EM LATAO, ENGATE RAPIDO 2 1/2" X ROSCA INTERNA 5 FIOS 2 1/2", PARA INSTALACAO PREDIAL DE COMBATE A INCENDIO | E10543: UN | F10543: 51.71
A10544: SINAPI-I | B10544: MATERIAL | C10544: 10900 | D10544: ADAPTADOR EM LATAO, ENGATE RAPIDO1 1/2" X ROSCA INTERNA 5 FIOS 2 1/2", PARA INSTALACAO PREDIAL DE COMBATE A INCENDIO | E10544: UN | F10544: 40.47
A10545: SINAPI-I | B10545: MATERIAL | C10545: 47 | D10545: ADAPTADOR PVC PBA, BOLSA/ROSCA, JE, DN 100 / DE 110 MM | E10545: UN
A10546: SINAPI-I | B10546: MATERIAL | C10546: 48 | D10546: ADAPTADOR PVC PBA, BOLSA/ROSCA, JE, DN 50 / DE 60 MM | E10546: UN
A10547: SINAPI-I | B10547: MATERIAL | C10547: 46 | D10547: ADAPTADOR PVC PBA, BOLSA/ROSCA, JE, DN 75 / DE 85 MM | E10547: UN
A10548: SINAPI-I | B10548: MATERIAL | C10548: 52 | D10548: ADAPTADOR PVC PBA, PONTA/ROSCA, JE, DN 50 / DE 60 MM | E10548: UN
A10549: SINAPI-I | B10549: MATERIAL | C10549: 43 | D10549: ADAPTADOR PVC PBA, PONTA/ROSCA, JE, DN 75 / DE 85 MM | E10549: UN
A10550: SINAPI-I | B10550: MATERIAL | C10550: 103 | D10550: ADAPTADOR PVC SOLDAVEL CURTO COM BOLSA E ROSCA, 110 MM X 4", PARA AGUA FRIA | E10550: UN | F10550: 44.37
A10551: SINAPI-I | B10551: MATERIAL | C10551: 107 | D10551: ADAPTADOR PVC SOLDAVEL CURTO COM BOLSA E ROSCA, 20 MM X 1/2", PARA AGUA FRIA | E10551: UN | F10551: 0.83
A10552: SINAPI-I | B10552: MATERIAL | C10552: 65 | D10552: ADAPTADOR PVC SOLDAVEL CURTO COM BOLSA E ROSCA, 25 MM X 3/4", PARA AGUA FRIA | E10552: UN | F10552: 0.91
A10553: SINAPI-I | B10553: MATERIAL | C10553: 108 | D10553: ADAPTADOR PVC SOLDAVEL CURTO COM BOLSA E ROSCA, 32 MM X 1", PARA AGUA FRIA | E10553: UN | F10553: 1.84
A10554: SINAPI-I | B10554: MATERIAL | C10554: 110 | D10554: ADAPTADOR PVC SOLDAVEL CURTO COM BOLSA E ROSCA, 40 MM X 1 1/2", PARA AGUA FRIA | E10554: UN | F10554: 6.38
A10555: SINAPI-I | B10555: MATERIAL | C10555: 109 | D10555: ADAPTADOR PVC SOLDAVEL CURTO COM BOLSA E ROSCA, 40 MM X 1 1/4", PARA AGUA FRIA | E10555: UN | F10555: 3.8
A10556: SINAPI-I | B10556: MATERIAL | C10556: 111 | D10556: ADAPTADOR PVC SOLDAVEL CURTO COM BOLSA E ROSCA, 50 MM X 1 1/4", PARA AGUA FRIA | E10556: UN | F10556: 8.64
A10557: SINAPI-I | B10557: MATERIAL | C10557: 112 | D10557: ADAPTADOR PVC SOLDAVEL CURTO COM BOLSA E ROSCA, 50 MM X1 1/2", PARA AGUA FRIA | E10557: UN | F10557: 4.58
A10558: SINAPI-I | B10558: MATERIAL | C10558: 113 | D10558: ADAPTADOR PVC SOLDAVEL CURTO COM BOLSA E ROSCA, 60 MM X 2", PARA AGUA FRIA | E10558: UN | F10558: 11.46
A10559: SINAPI-I | B10559: MATERIAL | C10559: 104 | D10559: ADAPTADOR PVC SOLDAVEL CURTO COM BOLSA E ROSCA, 75 MM X 2 1/2", PARA AGUA FRIA | E10559: UN | F10559: 19.94
A10560: SINAPI-I | B10560: MATERIAL | C10560: 102 | D10560: ADAPTADOR PVC SOLDAVEL CURTO COM BOLSA E ROSCA, 85 MM X 3", PARA AGUA FRIA | E10560: UN | F10560: 27.49
A10561: SINAPI-I | B10561: MATERIAL | C10561: 95 | D10561: ADAPTADOR PVC SOLDAVEL, COM FLANGE E ANEL DE VEDACAO, 20 MM X 1/2", PARA CAIXA D'AGUA | E10561: UN | F10561: 11.62
... A10565: SINAPI-I | B10565: MATERIAL | C10565: 99 | D10565: ADAPTADOR PVC SOLDAVEL, COM FLANGE E ANEL DE VEDACAO, 50 MM X 1 1/2", PARA CAIXA D'AGUA | E10565: UN | F10565: 26.9
A10566: SINAPI-I | B10566: MATERIAL | C10566: 60 | D10566: ADAPTADOR PVC, COM REGISTRO, PARA PEAD, 20 MM X 3/4", PARA LIGACAO PREDIAL DE AGUA | E10566: UN
A10567: SINAPI-I | B10567: MATERIAL | C10567: 72 | D10567: ADAPTADOR PVC, ROSCAVEL, COM FLANGES E ANEL DE VEDACAO, 1 1/2", PARA CAIXA D'AGUA | E10567: UN | F10567: 51.59
A10568: SINAPI-I | B10568: MATERIAL | C10568: 71 | D10568: ADAPTADOR PVC, ROSCAVEL, COM FLANGES E ANEL DE VEDACAO, 1", PARA CAIXA D'AGUA | E10568: UN | F10568: 31.86
A10569: SINAPI-I | B10569: MATERIAL | C10569: 67 | D10569: ADAPTADOR PVC, ROSCAVEL, COM FLANGES E ANEL DE VEDACAO, 1/2", PARA CAIXA D'AGUA | E10569: UN | F10569: 16.68
A10570: SINAPI-I | B10570: MATERIAL | C10570: 73 | D10570: ADAPTADOR PVC, ROSCAVEL, COM FLANGES E ANEL DE VEDACAO, 3/4", PARA CAIXA D'AGUA | E10570: UN | F10570: 15.96
A10571: SINAPI-I | B10571: MATERIAL | C10571: 100 | D10571: ADAPTADOR PVC, SOLDAVEL, COM FLANGES E ANEL DE VEDACAO, 60 MM X 2", PARA CAIXA D'AGUA | E10571: UN | F10571: 47
A10572: SINAPI-I | B10572: MATERIAL | C10572: 75 | D10572: ADAPTADOR PVC, SOLDAVEL, COM FLANGES LIVRES, 110 MM X 4", PARA CAIXA D'AGUA | E10572: UN | F10572: 274
A10573: SINAPI-I | B10573: MATERIAL | C10573: 83 | D10573: ADAPTADOR PVC, SOLDAVEL, COM FLANGES LIVRES, 75 MM X 2 1/2", PARA CAIXA D'AGUA | E10573: UN | F10573: 219.06
A10574: SINAPI-I | B10574: MATERIAL | C10574: 74 | D10574: ADAPTADOR PVC, SOLDAVEL, COM FLANGES LIVRES, 85 MM X 3", PARA CAIXA D'AGUA | E10574: UN | F10574: 313.19
A10575: SINAPI-I | B10575: MATERIAL | C10575: 106 | D10575: ADAPTADOR PVC, SOLDAVEL, LONGO, COM FLANGE LIVRE, 110 MM X 4", PARA CAIXA D'AGUA | E10575: UN | F10575: 396.04
A10576: SINAPI-I | B10576: MATERIAL | C10576: 88 | D10576: ADAPTADOR PVC, SOLDAVEL, LONGO, COM FLANGE LIVRE, 32 MM X 1", PARA CAIXA D'AGUA | E10576: UN | F10576: 11.13
A10577: SINAPI-I | B10577: MATERIAL | C10577: 82 | D10577: ADAPTADOR PVC, SOLDAVEL, LONGO, COM FLANGE LIVRE, 75 MM X 2 1/2", PARA CAIXA D'AGUA | E10577: UN | F10577: 208.41
A10578: SINAPI-I | B10578: MATERIAL | C10578: 105 | D10578: ADAPTADOR PVC, SOLDAVEL, LONGO, COM FLANGE LIVRE, 85 MM X 3", PARA CAIXA D'AGUA | E10578: UN | F10578: 295.32
... A10597: SINAPI-I | B10597: MATERIAL | C10597: 43618 | D10597: ADITIVO SUPERPLASTIFICANTE DE PEGA NORMAL PARA CONCRETO, LIQUIDO E ISENTO DE CLORETOS | E10597: KG | F10597: 14.46
A10598: SINAPI-I | B10598: MATERIAL | C10598: 37476 | D10598: ADUELA/ GALERIA PRE-MOLDADA DE CONCRETO ARMADO, SECAO QUADRADA INTERNA DE 1,50 X 1,50 M (L X A), MISULA DE 20 X 20 CM, C = 1,00 M, ESPESSURA MIN = 15 CM, TB-45 E FCK DO CONCRETO = 30 MPA | E10598: UN
A10599: SINAPI-I | B10599: MATERIAL | C10599: 37478 | D10599: ADUELA/ GALERIA PRE-MOLDADA DE CONCRETO ARMADO, SECAO RETANGULAR INTERNA DE 2,00 X 2,00 M (L X A), MISULA DE 20 X 20 CM, C = 1,00 M, ESPESSURA MIN = 15 CM, TB-45 E FCK DO CONCRETO = 30 MPA | E10599: UN
A10600: SINAPI-I | B10600: MATERIAL | C10600: 37477 | D10600: ADUELA/ GALERIA PRE-MOLDADA DE CONCRETO ARMADO, SECAO RETANGULAR INTERNA DE 2,50 X 2,50 M (L X A), MISULA DE 20 X 20 CM, C = 1,00 M, ESPESSURA MIN = 15 CM, TB-45 E FCK DO CONCRETO = 30 MPA | E10600: UN
...
